Workbook
Name _ftn1: 'Паспорт программы'!#REF!
Name _ftnref1: 'Паспорт программы'!#REF!

Sheet титул.лист
B1: Приложение
B2: УТВЕРЖДЕНА
B3: постановлением администрации
B4: Кандалакшского муниципального
B5: округа
B6: от 11.11.2025 № 2326
A15: Муниципальная программа Кандалакшского муниципального округа Мурманской области
A16: «Развитие образования»
A18: Срок реализации: 2026 - 2028 годы
A19: Ответственный исполнитель Программы - | B19: Управление образования администрации Кандалакшского муниципального округа Мурманской области

Sheet Паспорт программы
D1: Приложение № 1 к постановлению администрации Кандалакшского муниципального округа Мурманской области от 30.04.2026 № 819
A10: Финансовое обеспечение Программы | B10: Всего по программе: | C10: =C11+C15+C19+C23 -> 7745670.2 | D10: тыс. рублей, в том числе:
B11: МБ: | C11: =C12+C13+C14 -> 2522366.6 | D11: тыс. рублей, из них:
B12: 2026 год: | C12: ='1 подпрограмма'!F10 -> 864732.06 | D12: тыс. рублей,
B13: 2027 год: | C13: ='1 подпрограмма'!F11 -> 828910.16 | D13: тыс. рублей,
B14: 2028 год: | C14: ='1 подпрограмма'!F12 -> 828724.38 | D14: тыс. рублей,
B15: ОБ: | C15: =C16+C17+C18 -> 4185335.4 | D15: тыс. рублей, из них:
B16: 2026 год: | C16: ='1 подпрограмма'!G10 -> 1424351.2 | D16: тыс. рублей,
B17: 2027 год: | C17: ='1 подпрограмма'!G11 -> 1379680.1 | D17: тыс. рублей,
B18: 2028 год: | C18: ='1 подпрограмма'!G12 -> 1381304 | D18: тыс. рублей,
B19: ФБ: | C19: =C20+C21+C22 -> 1037968.2 | D19: тыс. рублей, из них:
B20: 2026 год: | C20: ='1 подпрограмма'!H10 -> 804236.4 | D20: тыс. рублей,
B21: 2027 год: | C21: ='1 подпрограмма'!H11 -> 116157.5 | D21: тыс. рублей,
B22: 2028 год: | C22: ='1 подпрограмма'!H12 -> 117574.3 | D22: тыс. рублей,
B23: ВБ: | C23: =C24+C25+C26 -> 0 | D23: тыс. рублей, из них:
B24: 2026 год: | C24: ='план реализации'!I8 -> 0 | D24: тыс. рублей,
B25: 2027 год: | C25: ='план реализации'!I9 -> 0 | D25: тыс. рублей,
B26: 2028 год: | C26: ='план реализации'!I10 -> 0 | D26: тыс. рублей

Sheet перечень показателей
A2: 2. Перечень показателей Программы
A4: № п/п | B4: Муниципальная программа, подпрограммы, цели, показатели | C4: Ед. изм. | D4: Направленность показателя1 | E4: Значение показателя | J4: Соисполнитель, ответственный за достижение показателя
E5: 2024 | F5: 2025 | G5: 2026 | H5: 2027 | I5: 2028
E7: факт | F7: оценка | G7: план | H7: план | I7: план
B8: Муниципальная программа «Развитие образования »
B9: Цель Программы: Повышение доступности, качества образования и обеспечение его соответствия запросам населения, требованиям инновационной экономики и потребностям рынка труда
A10: 0.1 | B10: Достижение 100% доступности, качества образования и обеспечение его соответствия запросам населения, требованиям инновационной экономики и потребностям рынка труда | C10: % | D10: 0 | E10: 100 | F10: 100 | G10: 100 | H10: 100 | I10: 100 | J10: муниципальные образовательные организации, УО
A11: 1 | B11: Подпрограмма 1"Содействие развитию дошкольного образования"
B12: Цель подпрограммы 1: Повышение доступности и качества дошкольного образования
A13: 1.1 | B13: Достижение 100% доступности дошкольного образования для детей в возрасте от 0 до 7 лет | C13: % | D13: 0 | E13: 100 | F13: 100 | G13: 100 | H13: 100 | I13: 100 | J13: муниципальные образовательные организации, УО
A14: 1.2 | B14: Удельный вес численности воспитанников в дошкольных образовательных организациях в общей численности детей в возрасте от 0 до 7 лет, проживающих в Кандалакшском муниципальном округе Мурманской области | C14: % | D14: 0 | E14: 90 | F14: 95 | G14: 95 | H14: 95 | I14: 95 | J14: УО, муниципальные образовательные организации
A15: 1.3 | B15: Отношение среднемесячной заработной платы педагогических работников муниципальных дошкольных образовательных учреждений в размере не менее 100 % от средней заработной платы в муниципальных общеобразовательных организациях Кандалакшского муниципального округа Мурманской области | C15: % | D15: 0 | E15: 100 | F15: 100 | G15: 100 | H15: 100 | I15: 100 | J15: муниципальные образовательные организации
A16: 2 | B16: Подпрограмма 2 "Содействие развитию общего образования"
B17: Цель подпрограммы 2: Повышение доступности и качества общего образования
A18: 2.1 | B18: Удельный вес численности обучающихся в общеобразовательных организациях в соответствии с федеральными государственными образовательными стандартами в общей численности, обучающихся в образовательных организациях общего образования | C18: % | D18: 0 | E18: 100 | F18: 100 | G18: 100 | H18: 100 | I18: 100 | J18: УО, муниципальные общеобразовательные организации
A19: 2.2 | B19: Доля обучающихся, осваивающих основные образовательные программы начального общего образования, обеспеченных бесплатным горячим питанием | C19: % | D19: 0 | E19: 100 | F19: 100 | G19: 100 | H19: 100 | I19: 100 | J19: муниципальные общеобразовательные организации
A20: 2.3 | B20: Доля обучающихся, охваченных мероприятиями, организованными советниками директоров по воспитанию и проведенными в общеобразовательных организациях | C20: % | D20: 1 | E20: 70 | F20: 80 | G20: 100 | H20: 100 | I20: 100 | J20: муниципальные общеобразовательные организации
A21: 2.4 | B21: Отношение среднемесячной заработной платы педагогических работников муниципальных общеобразовательных организаций Кандалакшского муниципального округа Мурманской области к среднемесячному доходу от трудовой деятельности в Мурманской области | C21: % | D21: 0 | E21: 100 | F21: 100 | G21: 100 | H21: 100 | I21: 100 | J21: муниципальные общеобразовательные организации
A22: 3 | B22: Подпрограмма 3 "Содействие развитию дополнительного образования и реализация мероприятий для детей и молодежи"
B23: Цель подпрограммы 3: Формирование эффективной системы выявления, поддержки и развития способностей, талантов у детей и молодежи, основанной на принципах справедливости, всеобщности и направленной на самоопределение и профессиональную ориентацию обучающихся
A24: 3.1 | B24: Увеличение доли детей, охваченных дополнительными общеобразовательными программами технической, туристско-краеведческой и естественно-научной направленности в системе образования Кандалакшского муниципального округа Мурманской области | C24: % | D24: 1 | E24: 22 | F24: 22 | G24: 22 | H24: 24 | I24: 26 | J24: МКУ «ИМЦ», муниципальные образовательные организации
A25: 3.2 | B25: Доля детей, обучающихся по дополнительным общеразвивающим программам за счет социального сертификата на получение муниципальной услуги в социальной сфере, в негосударственных организациях, в общем числе детей, охваченных дополнительным образованием | C25: % | D25: 1 | E25: 72 | F25: 74 | G25: 75 | H25: 76 | I25: 76 | J25: МКУ «ИМЦ», муниципальные образовательные организации
A26: 3.3 | B26: Отношение средней заработной платы педагогических работников муниципальных организаций дополнительного образования к средней заработной плате учителей Кандалакшского муниципального округа Мурманской области | C26: % | D26: 0 | E26: 100 | F26: 100 | G26: 100 | H26: 100 | I26: 100 | J26: муниципальные организации дополнительного образования
A27: 3.4 | B27: Увеличение удельного веса численности детей, охваченных мероприятиями профилактической направленности | C27: % | D27: 1 | E27: 20 | F27: 25 | G27: 30 | H27: 30 | I27: 35 | J27: МКУ «ИМЦ», муниципальные образовательные организации
A28: 3.5 | B28: Увеличение удельного веса численности обучающихся по основным образовательным программам начального общего, основного общего и среднего общего образования, участвующих в олимпиадах и конкурсах регионального уровня, в общей численности обучающихся | C28: % | D28: 1 | E28: 46 | F28: 50 | G28: 55 | H28: 55 | I28: 56 | J28: УО, МКУ «ИМЦ»,муниципальные образовательные организации
A29: 3.6 | B29: Количество проведенных мероприятий для детей и молодежи | C29: ед. | D29: 1 | E29: 82 | F29: 81 | G29: 71 | H29: 71 | I29: 71 | J29: МКУ «ИМЦ»,муниципальные образовательные организации
A30: 3.7 | B30: Доля отдохнувших и оздоровленных детей Кандалакшского муниципального округа Мурманской области в возрасте от 6 до 18 лет в оздоровительных учреждениях от общей численности детей данной возрастной категории | C30: % | D30: 1 | E30: 28 | F30: 28 | G30: 28 | H30: 28 | I30: 28 | J30: УО, муниципальные образовательные организации
A31: 4 | B31: Подпрограмма 4 "Совершенствование управления системой образования"
B32: Цель подпрограммы 4: Повышение эффективности управления муниципальной системой образования
A33: 4.1 | B33: Количество действующих договоров о целевом обучении по педагогическим направлениям подготовки | C33: ед. | D33: 1 | E33: 8 | F33: 11 | G33: 11 | H33: 11 | I33: 11 | J33: муниципальные общеобразовательные организации
A34: 4.2 | B34: Численность молодых специалистов, получивших муниципальную единовременную выплату | C34: чел. | D34: 1 | E34: 2 | F34: 6 | G34: 6 | H34: 6 | I34: 6 | J34: муниципальные общеобразовательные организации
A35: 5 | B35: Подпрограмма 5 "Создание условий для обеспечения функционирования муниципальной системы образования"
B36: Цель подпрограммы 5: обеспечение устойчивого функционирования образовательных организаций, создание безопасных и комфортных условий процесса обучения и воспитания
A37: 5.1 | B37: Доля образовательных организаций, инфраструктура которых соответствует современным требованиям | C37: % | D37: 1 | E37: 92 | F37: 92 | G37: 95 | H37: 97 | I37: 100 | J37: муниципальные образовательные организации
A38: 5.2 | B38: Доля образовательных организаций, соответствующих требованиям комплексной безопасности | C38: % | D38: 1 | E38: 92 | F38: 92 | G38: 95 | H38: 97 | I38: 100 | J38: муниципальные образовательные организации
A39: 5 | B39: Подпрограмма 6 "Оказание поддержки семьям, детям-сиротам и детям, оставшимся без попечения родителей, лицам из их числа"
B40: Цель подпрограммы 6: Оказание мер социальной поддержки детям -сиротам и детям оставшимся без попечения родителей, лицам из их числа
A41: 6.1 | B41: Доля детей-сирот, детей, оставшихся без попечения родителей, охваченных мерами социальной поддержки, в соответствии с нормативно-правовыми актами федерального, регионального и муниципального уровней | C41: % | D41: 0 | E41: 100 | F41: 100 | G41: 100 | H41: 100 | I41: 100 | J41: УО
A42: ___________________________
A44: 1 Направленность показателя обозначается:.
A45: 1 - направленность на рост;
A46: -1 - направленность на снижение;
A47: 0 - направленность на достижение конкретного значения
A48: 2 Первый год реализации Программы.

Sheet план реализации
A2: 3. План реализации и сведения об объёмах финансирования Программы на 2026 - 2028 годы
A4: № п/п | B4: Муниципальная программа, подпрограмма, основное мероприятие, проект, мероприятие | C4: Годы выполнения | D4: Объемы и источники финансирования | J4: Связь основных мероприятий с показателями подпрограмм, ожидаемые результаты реализации (краткая характеристика) мероприятий | K4: Соисполнители, участники
D5: (тыс. рублей)
D6: По годам | E6: Всего | F6: МБ | G6: ОБ | H6: ФБ | I6: ВБ
B7: Муниципальная программа | D7: Всего | E7: =E8+E9+E10+E11 -> 7745670.2 | F7: =F8+F9+F10+F11 -> 2522366.6 | G7: =G8+G9+G10+G11 -> 4185335.4 | H7: =H8+H9+H10+H11 -> 1037968.2 | I7: =I8+I9+I10+I11 -> 0 | J7: -
B8: "Развитие образования Кандалакшского района" | D8: 2026 | E8: =F8+G8+H8+I8 -> 3093319.7 | F8: ='1 подпрограмма'!F15+'2 подпрограмма'!F14+'3 подпрограмма '!F14+'4 подпрограмма '!F14+'5 подпрограмма '!F14+'6 подпрограмма '!F14 -> 864732.06 | G8: ='1 подпрограмма'!G15+'2 подпрограмма'!G14+'3 подпрограмма '!G14+'4 подпрограмма '!G14+'5 подпрограмма '!G14+'6 подпрограмма '!G14 -> 1424351.2 | H8: ='1 подпрограмма'!H15+'2 подпрограмма'!H14+'3 подпрограмма '!H14+'4 подпрограмма '!H14+'5 подпрограмма '!H14+'6 подпрограмма '!H14 -> 804236.4 | I8: ='1 подпрограмма'!I15+'2 подпрограмма'!I14+'3 подпрограмма '!I14+'4 подпрограмма '!I14+'5 подпрограмма '!I14+'6 подпрограмма '!I14 -> 0
D9: 2027 | E9: =F9+G9+H9+I9 -> 2324747.8 | F9: ='1 подпрограмма'!F16+'2 подпрограмма'!F15+'3 подпрограмма '!F15+'4 подпрограмма '!F15+'5 подпрограмма '!F15+'6 подпрограмма '!F15 -> 828910.17 | G9: ='1 подпрограмма'!G16+'2 подпрограмма'!G15+'3 подпрограмма '!G15+'4 подпрограмма '!G15+'5 подпрограмма '!G15+'6 подпрограмма '!G15 -> 1379680.1 | H9: ='1 подпрограмма'!H16+'2 подпрограмма'!H15+'3 подпрограмма '!H15+'4 подпрограмма '!H15+'5 подпрограмма '!H15+'6 подпрограмма '!H15 -> 116157.5 | I9: ='1 подпрограмма'!I16+'2 подпрограмма'!I15+'3 подпрограмма '!I15+'4 подпрограмма '!I15+'5 подпрограмма '!I15+'6 подпрограмма '!I15 -> 0
D10: 2028 | E10: =F10+G10+H10+I10 -> 2327602.7 | F10: ='1 подпрограмма'!F17+'2 подпрограмма'!F16+'3 подпрограмма '!F16+'4 подпрограмма '!F16+'5 подпрограмма '!F16+'6 подпрограмма '!F16 -> 828724.39 | G10: ='1 подпрограмма'!G17+'2 подпрограмма'!G16+'3 подпрограмма '!G16+'4 подпрограмма '!G16+'5 подпрограмма '!G16+'6 подпрограмма '!G16 -> 1381304 | H10: ='1 подпрограмма'!H17+'2 подпрограмма'!H16+'3 подпрограмма '!H16+'4 подпрограмма '!H16+'5 подпрограмма '!H16+'6 подпрограмма '!H16 -> 117574.3 | I10: ='1 подпрограмма'!I17+'2 подпрограмма'!I16+'3 подпрограмма '!I16+'4 подпрограмма '!I16+'5 подпрограмма '!I16+'6 подпрограмма '!I16 -> 0
E11: =F11+G11+H11+I11 -> 0 | F11: ='1 подпрограмма'!F18+'2 подпрограмма'!F17+'3 подпрограмма '!F17+'4 подпрограмма '!F17+'5 подпрограмма '!F17+'6 подпрограмма '!F17 -> 0 | G11: ='1 подпрограмма'!G18+'2 подпрограмма'!G17+'3 подпрограмма '!G17+'4 подпрограмма '!G17+'5 подпрограмма '!G17+'6 подпрограмма '!G17 -> 0 | H11: ='1 подпрограмма'!H18+'2 подпрограмма'!H17+'3 подпрограмма '!H17+'4 подпрограмма '!H17+'5 подпрограмма '!H17+'6 подпрограмма '!H17 -> 0 | I11: ='1 подпрограмма'!I18+'2 подпрограмма'!I17+'3 подпрограмма '!I17+'4 подпрограмма '!I17+'5 подпрограмма '!I17+'6 подпрограмма '!I17 -> 0
A12: 1 | B12: Подпрограмма 1 | D12: Всего | J12: -
B13: "________________________" | D13: 20__
D14: 20__
D15: 20__
D16: 20__
A17: ОМ 1.1 | B17: Основное мероприятие 1 | D17: Всего | J17: Показатели Программы
B18: "________________________" | D18: 20__
D19: 20__
D20: 20__
D21: 20__
A22: 1.1.1 | B22: Мероприятие | D22: Всего | J22: Ожидаемые результаты реализации (краткая характеристика) мероприятия
B23: "________________________" | D23: 20__
D24: 20__
D25: 20__
D26: 20__
A27: 1.1.2 | B27: Мероприятие | D27: Всего | J27: Ожидаемые результаты реализации (краткая характеристика) мероприятия
B28: "________________________" | D28: 20__
D29: 20__
D30: 20__
D31: 20__
A32: ...
A33: ОМ 1.2 | B33: Основное мероприятие 2 | D33: Всего | J33: Показатели Программы
B34: "________________________" | D34: 20__
D35: 20__
D36: 20__
D37: 20__
A38: 1.2.1 | B38: Мероприятие | D38: Всего | J38: Ожидаемые результаты реализации (краткая характеристика) мероприятия
B39: "________________________" | D39: 20__
D40: 20__
D41: 20__
D42: 20__
A43: 2 | B43: Подпрограмма 2 | D43: Всего | J43: -
B44: "________________________" | D44: 20__
D45: 20__
D46: 20__
D47: 20__
B48: ...
B49: Итого:

Sheet 1 подпрограмма
F1: Приложение № 2 к постановлению администрации Кандалакшского муниципального округа Мурманской области от 30.04.2026 № 819
A4: 3.1. План реализации и сведения об объёмах финансирования подпрограммы 1 на 2026 - 2028 годы
A6: № п/п | B6: Муниципальная программа, подпрограмма, основное мероприятие, проект, мероприятие | C6: Годы выполнения | D6: Объемы и источники финансирования | J6: Связь основных мероприятий с показателями подпрограмм, ожидаемые результаты реализации (краткая характеристика) мероприятий | K6: Соисполнители, участники
D7: (тыс. рублей)
D8: По годам | E8: Всего | F8: МБ | G8: ОБ | H8: ФБ | I8: ВБ
B9: Муниципальная программа | C9: 2026-2028 | D9: Всего | E9: =F9+G9+H9+I9 -> 7745670.2 | F9: =F10+F11+F12 -> 2522366.6 | G9: =G10+G11+G12 -> 4185335.4 | H9: =H10+H11+H12 -> 1037968.2 | I9: =I10+I11+I12 -> 0 | J9: -
B10: "Развитие образования" | D10: 2026 | E10: =F10+G10+H10+I10 -> 3093319.7 | F10: =F15+'2 подпрограмма'!F14+'3 подпрограмма '!F14+'4 подпрограмма '!F14+'5 подпрограмма '!F14+'6 подпрограмма '!F14 -> 864732.06 | G10: =G15+'2 подпрограмма'!G14+'3 подпрограмма '!G14+'4 подпрограмма '!G14+'5 подпрограмма '!G14+'6 подпрограмма '!G14 -> 1424351.2 | H10: =H15+'2 подпрограмма'!H14+'3 подпрограмма '!H14+'4 подпрограмма '!H14+'5 подпрограмма '!H14+'6 подпрограмма '!H14 -> 804236.4 | I10: =I15+'2 подпрограмма'!I14+'3 подпрограмма '!I14+'4 подпрограмма '!I14+'5 подпрограмма '!I14+'6 подпрограмма '!I14 -> 0
D11: 2027 | E11: =F11+G11+H11+I11 -> 2324747.8 | F11: =F16+'2 подпрограмма'!F15+'3 подпрограмма '!F15+'4 подпрограмма '!F15+'5 подпрограмма '!F15+'6 подпрограмма '!F15-0.01 -> 828910.16 | G11: =G16+'2 подпрограмма'!G15+'3 подпрограмма '!G15+'4 подпрограмма '!G15+'5 подпрограмма '!G15+'6 подпрограмма '!G15 -> 1379680.1 | H11: =H16+'2 подпрограмма'!H15+'3 подпрограмма '!H15+'4 подпрограмма '!H15+'5 подпрограмма '!H15+'6 подпрограмма '!H15 -> 116157.5 | I11: =I16+'2 подпрограмма'!I15+'3 подпрограмма '!I15+'4 подпрограмма '!I15+'5 подпрограмма '!I15+'6 подпрограмма '!I15 -> 0
D12: 2028 | E12: =F12+G12+H12+I12 -> 2327602.7 | F12: =F17+'2 подпрограмма'!F16+'3 подпрограмма '!F16+'4 подпрограмма '!F16+'5 подпрограмма '!F16+'6 подпрограмма '!F16-0.01 -> 828724.38 | G12: =G17+'2 подпрограмма'!G16+'3 подпрограмма '!G16+'4 подпрограмма '!G16+'5 подпрограмма '!G16+'6 подпрограмма '!G16 -> 1381304 | H12: =H17+'2 подпрограмма'!H16+'3 подпрограмма '!H16+'4 подпрограмма '!H16+'5 подпрограмма '!H16+'6 подпрограмма '!H16 -> 117574.3 | I12: =I17+'2 подпрограмма'!I16+'3 подпрограмма '!I16+'4 подпрограмма '!I16+'5 подпрограмма '!I16+'6 подпрограмма '!I16 -> 0
A14: 1 | B14: Подпрограмма 1 | C14: 2026-2028 | D14: Всего | E14: =E15+E16+E17+E18 -> 2428811.5 | F14: =F15+F16+F17+F18 -> 865264.04 | G14: =G15+G16+G17+G18 -> 1563547.4 | H14: =H15+H16+H17+H18 -> 0 | I14: =I15+I16+I17+I18 -> 0 | J14: -
B15: "Содействие развитию дошкольного образования" | D15: 2026 | E15: =F15+G15+H15+I15 -> 840677.79 | F15: =F20+F25+F40+F45+F50-0.01 -> 309717.78 | G15: =G20+G25+G40 -> 530960.01 | H15: =H20+H25+H40 -> 0 | I15: =I20+I25+I40 -> 0
D16: 2027 | E16: =F16+G16+H16+I16 -> 794066.84 | F16: =F21+F26+F41+F46 -> 277773.13 | G16: =G21+G26+G41 -> 516293.71 | H16: =H21+H26+H41 -> 0 | I16: =I21+I26+I41 -> 0
D17: 2028 | E17: =F17+G17+H17+I17 -> 794066.84 | F17: =F22+F27+F42+F47 -> 277773.13 | G17: =G22+G27+G42 -> 516293.71 | H17: =H22+H27+H42 -> 0 | I17: =I22+I27+I42 -> 0
A19: ОМ 1.1 | B19: Основное мероприятие 1 | C19: 2026-2028 | D19: Всего | E19: =E20+E21+E22 -> 2084665.6 | F19: =F20+F21+F22 -> 589783.04 | G19: =G20+G21+G22 -> 1494882.5 | H19: =H20+H21+H22 -> 0 | I19: =I20+I21+I22 -> 0
B20: Реализация основных образовательных программ дошкольного образования и организация присмотра и ухода за детьми дошкольного возраста | D20: 2026 | E20: =F20+G20+H20+I20 -> 698296.23 | F20: =106390.38+21502.18+13254.49+37998.99+3366+8262.6-550.13+0.01 -> 190224.52 | G20: =493354.3+4491.96-4440.85+14666.3 -> 508071.71 | J20: 1.1 Достижение 100% доступности дошкольного образования для детей в возрасте от 0 до 7 лет | K20: КИОиТП
D21: 2027 | E21: =F21+G21+H21+I21 -> 693184.67 | F21: =108474.84+23456.93+14459.45+41453.44+3672+8262.6 -> 199779.26 | G21: =493354.3+4491.96-4440.85 -> 493405.41 | J21: 1.2. Удельный вес численности воспитанников в дошкольных образовательных организациях в общей численности детей в возрасте от 0 до 7 лет, проживающих в Кандалакшском муниципальном округе Мурманской области | K21: УО, муниципальные общеобразовательные организации
D22: 2028 | E22: =F22+G22+H22+I22 -> 693184.67 | F22: =108474.84+23456.93+14459.45+41453.44+3672+8262.6 -> 199779.26 | G22: =493354.3+4491.96-4440.85 -> 493405.41 | J22: 1.3. Отношение среднемесячной заработной платы педагогических работников муниципальных дошкольных образовательных учреждений в размере не менее 100 % от средней заработной платы в муниципальных общеобразовательных организациях Кандалакшского муниципального округа Мурманской области | K22: муниципальные образовательные организации
A24: ОМ 1.2 | B24: Основное мероприятие 2 | C24: 2026-2028 | D24: Всего | E24: =E25+E26+E27+E28 -> 68664.9 | F24: =F25+F26+F27+F28 -> 0 | G24: =G25+G26+G27+G28 -> 68664.9 | H24: =H25+H26+H27+H28 -> 0 | I24: =I25+I26+I27+I28 -> 0 | K24: УО
B25: Компенсация родительской платы за присмотр и уход за детьми, посещающими образовательные организации, реализующие общеобразовательные программы дошкольного образования | D25: 2026 | E25: =E30+E35 -> 22888.3 | F25: =F30+F35 -> 0 | G25: =G30+G35 -> 22888.3 | H25: =H30+H35 -> 0 | I25: =I30+I35 -> 0
D26: 2027 | E26: =E31+E36 -> 22888.3 | F26: =F31+F36 -> 0 | G26: =G31+G36 -> 22888.3 | H26: =H31+H36 -> 0 | I26: =I31+I36 -> 0 | J26: -
D27: 2028 | E27: =E32+E37 -> 22888.3 | F27: =F32+F37 -> 0 | G27: =G32+G37 -> 22888.3 | H27: =H32+H37 -> 0 | I27: =I32+I37 -> 0
A29: 1.2.1 | B29: Мероприятие | C29: 2026-2028 | D29: Всего | E29: =E30+E31+E32+E33 -> 66990 | F29: =F30+F31+F32+F33 -> 0 | G29: =G30+G31+G32+G33 -> 66990 | H29: =H30+H31+H32+H33 -> 0 | I29: =I30+I31+I32+I33 -> 0 | K29: УО
B30: Выплата компенсации родительской платы за присмотр и уход за детьми, посещающими образовательные организации, реализующие общеобразовательные программы дошкольного образования | D30: 2026 | E30: =F30+G30+H30+I30 -> 22330 | G30: 22330 | J30: Выплата компенсации родительской платы за за присмотр и уход за детьми, посещающими образовательные организации, реализующие общеобразовательные программы дошкольного образования
D31: 2027 | E31: =F31+G31+H31+I31 -> 22330 | G31: 22330
D32: 2028 | E32: =F32+G32+H32+I32 -> 22330 | G32: 22330
A34: 1.2.2 | B34: Мероприятие | C34: 2026-2028 | D34: Всего | E34: =E35+E36+E37+E38 -> 1674.9 | F34: =F35+F36+F37+F38 -> 0 | G34: =G35+G36+G37+G38 -> 1674.9 | H34: =H35+H36+H37+H38 -> 0 | I34: =I35+I36+I37+I38 -> 0 | K34: УО
B35: Расходы, связанные с выплатой компенсации родительской платы за присмотр и уход за детьми, посещающими образовательные организации, реализующие общеобразовательные программы дошкольного образования | D35: 2026 | E35: =F35+G35+H35+I35 -> 558.3 | G35: 558.3 | J35: Осуществление в полном объеме расходов, связанных с выплатой компенсации родительской платы за присмотр и уход за детьми, посещающими образовательные организации, реализующие общеобразовательные программы дошкольного образования
D36: 2027 | E36: =F36+G36+H36+I36 -> 558.3 | G36: 558.3
D37: 2028 | E37: =F37+G37+H37+I37 -> 558.3 | G37: 558.3
A39: ОМ 1.3. | B39: Основное мероприятие 3 | C39: 2026-2028 | D39: Всего | E39: =E40+E41+E42 -> 228349.52 | F39: =F40+F41+F42+0.01 -> 228349.53 | G39: =G40+G41+G42 -> 0 | H39: =H40+H41+H42 -> 0 | I39: =I40+I41+I42 -> 0 | K39: муниципальные образовательные организации
B40: Организация питания в дошкольных организациях | D40: 2026 | E40: =F40+G40+H40+I40 -> 72451.18 | F40: =7539.99+35670.54+29624.08-343.97-39.46 -> 72451.18 | J40: Организация питания в дошкольных организациях
D41: 2027 | E41: =F41+G41+H41+I41 -> 77949.17 | F41: =8225.45+38913.31+30810.41 -> 77949.17
D42: 2028 | E42: =F42+G42+H42+I42 -> 77949.17 | F42: =8225.45+38913.31+30810.41 -> 77949.17
A44: ОМ 1.4. | B44: Основное мероприятие 4 | C44: 2026-2028 | D44: Всего | E44: =E45+E46+E47 -> 276.28 | F44: =F45+F46+F47 -> 276.28 | G44: =G45+G46+G47 -> 0 | H44: =H45+H46+H47 -> 0 | I44: =I45+I46+I47 -> 0
B45: Организация подвоза воспитанников в дошкольные образовательные организации | D45: 2026 | E45: =F45+G45+H45+I45 -> 186.88 | F45: =44.7+142.18 -> 186.88 | J45: Обеспечение подвоза воспитанников в дошкольные образовательные организации | K45: муниципальные образовательные организации
D46: 2027 | E46: =F46+G46+H46+I46 -> 44.7 | F46: 44.7
D47: 2028 | E47: =F47+G47+H47+I47 -> 44.7 | F47: 44.7
A49: ОМ 1.5. | B49: Основное мероприятие 5 | C49: 2026-2028 | D49: Всего | E49: =E50+E51+E52 -> 46855.21 | F49: =F50+F51+F52 -> 46855.21 | G49: =G50+G51+G52 -> 0 | H49: =H50+H51+H52 -> 0 | I49: =I50+I51+I52 -> 0
B50: Реализация мероприятий по модернизации дошкольных систем образования | D50: 2026 | E50: =F50+G50+H50+I50 -> 46855.21 | F50: 46855.21 | J50: Реализация мероприятий по модернизации дошкольных систем образования | K50: муниципальные образовательные организации
D51: 2027 | E51: =F51+G51+H51+I51 -> 0
D52: 2028 | E52: =F52+G52+H52+I52 -> 0

Sheet 2 подпрограмма
A1: Приложение № 3 к постановлению администрации Кандалакшского муниципального округа Мурманской области от 30.04.2026 №819
A3: 3.2. План реализации и сведения об объёмах финансирования подпрограммы 2 на 2026 - 2028 годы
A5: № п/п | B5: Муниципальная программа, подпрограмма, основное мероприятие, проект, мероприятие | C5: Годы выполнения | D5: Объемы и источники финансирования | J5: Связь основных мероприятий с показателями подпрограмм, ожидаемые результаты реализации (краткая характеристика) мероприятий | K5: Соисполнители, участники
D6: (тыс. рублей)
D7: По годам | E7: Всего | F7: МБ | G7: ОБ | H7: ФБ | I7: ВБ
B8: Муниципальная программа | D8: Всего | J8: -
B9: "________________________" | D9: 20__
D10: 20__
D11: 20__
D12: 20__
A13: 2 | B13: Подпрограмма 2 | C13: 2026-2028 | D13: Всего | E13: =E14+E15+E16+E17 -> 3122555.2 | F13: =F14+F15+F16+F17 -> 477771.83 | G13: =G14+G15+G16+G17 -> 2295301.6 | H13: =H14+H15+H16+H17 -> 349481.7 | I13: =I14+I15+I16+I17 -> 0 | J13: -
B14: "Содействие развитию общего образования" | D14: 2026 | E14: =F14+G14+H14+I14 -> 1060740.9 | F14: =F19+F24+F49+F54+F64+F69+0.01 -> 156992.22 | G14: =G19+G24+G49+G54+G64+G69 -> 787998.78 | H14: =H19+H24+H49+H54+H64+H69 -> 115749.9 | I14: =I19+I24+I49+I54+I64+I69 -> 0
D15: 2027 | E15: =F15+G15+H15+I15 -> 1030608.4 | F15: =F20+F25+F50+F55+F65+F70+0.01 -> 160524.19 | G15: =G20+G25+G50+G55+G65+G70 -> 753926.68 | H15: =H20+H25+H50+H55+H65+H70 -> 116157.5 | I15: =I20+I25+I50+I55+I65+I70 -> 0
D16: 2028 | E16: =F16+G16+H16+I16 -> 1031205.9 | F16: =F21+F26+F51+F56+F66+F71-0.01 -> 160255.42 | G16: =G21+G26+G51+G56+G66+G71 -> 753376.18 | H16: =H21+H26+H51+H56+H66+H71 -> 117574.3 | I16: =I21+I26+I51+I56+I66+I71 -> 0
A18: ОМ 2.1 | B18: Основное мероприятие 1 | C18: 2026-2028 | D18: Всего | E18: =E19+E20+E21+E22 -> 2442324.6 | F18: =F19+F20+F21+F22 -> 296343.81 | G18: =G19+G20+G21+G22 -> 2145980.8 | H18: =H19+H20+H21+H22 -> 0 | I18: =I19+I20+I21+I22 -> 0 | K18: УО, муниципальные общеобразовательные организации
B19: Реализация основных общеобразовательных программ начального общего, основного общего и среднего общего образования | D19: 2026 | E19: =F19+G19+H19+I19 -> 836227.59 | F19: =97823.58+1016.53 -> 98840.11 | G19: =713453.1+539.03-9695.45+33090.8 -> 737387.48 | J19: 2.1. Удельный вес численности обучающихся в общеобразовательных организациях в соответствии с федеральными государственными образовательными стандартами в общей численности, обучающихся в образовательных организациях общего образования
D20: 2027 | E20: =F20+G20+H20+I20 -> 803089.72 | F20: 98793.04 | G20: =713453.1+539.03-9695.45 -> 704296.68 | J20: 2.4.Отношение среднемесячной заработной платы педагогических работников муниципальных общеобразовательных организаций Кандалакшского муниципального округа Мурманской области к среднемесячному доходу от трудовой деятельности в Мурманской области
D21: 2028 | E21: =F21+G21+H21+I21 -> 803007.34 | F21: 98710.66 | G21: =713453.1+539.026-9695.45 -> 704296.68
A23: ОМ 2.2 | B23: Основное мероприятие 2 | C23: 2026-2028 | D23: Всего | E23: =E24+E25+E26+E27 -> 369191.39 | F23: =F24+F25+F26+F27 -> 134665.19 | G23: =G24+G25+G26+G27 -> 133164.8 | H23: =H24+H25+H26+H27 -> 101361.4 | I23: =I24+I25+I26+I27 -> 0 | K23: муниципальные общеобразовательные организации
B24: Организация питания в общеобразовательных организациях | D24: 2026 | E24: =E29+E34+E39+E44 -> 120198.7 | F24: =F29+F34+F39+F44 -> 42531.2 | G24: =G29+G34+G39+G44 -> 45194.7 | H24: =H29+H34+H39+H44 -> 32472.8 | I24: =I29+I34+I39+I44 -> 0 | J24: 2.2. Доля обучающихся, осваивающих основные образовательные программы начального общего образования, обеспеченных бесплатным горячим питанием
D25: 2027 | E25: =E30+E35+E40+E45 -> 124190.08 | F25: =F30+F35+F40+F45 -> 46160.18 | G25: =G30+G35+G40+G45 -> 44260.3 | H25: =H30+H35+H40+H45 -> 33769.6 | I25: =I30+I35+I40+I45 -> 0
D26: 2028 | E26: =E31+E36+E41+E46 -> 124802.61 | F26: =F31+F36+F41+F46 -> 45973.81 | G26: =G31+G36+G41+G46 -> 43709.8 | H26: =H31+H36+H41+H46 -> 35119 | I26: =I31+I36+I41+I46 -> 0
A28: 2.2.1 | B28: Мероприятие | C28: 2026-2028 | D28: Всего | E28: =E29+E30+E31+E32 -> 96407.1 | F28: =F29+F30+F31+F32 -> 0 | G28: =G29+G30+G31+G32 -> 96407.1 | H28: =H29+H30+H31+H32 -> 0 | I28: =I29+I30+I31+I32 -> 0 | K28: муниципальные общеобразовательные организации
B29: Обеспечение бесплатным питанием отдельных категорий обучающихся общеобразовательных организаций | D29: 2026 | E29: =F29+G29+H29+I29 -> 32135.7 | G29: =31900.5+235.2 -> 32135.7 | J29: Обеспечение бесплатным питанием отдельным категориям обучающихся общеобразовательных организаций в полном объеме
D30: 2027 | E30: =F30+G30+H30+I30 -> 32135.7 | G30: =31900.5+235.2 -> 32135.7
D31: 2028 | E31: =F31+G31+H31+I31 -> 32135.7 | G31: =31900.5+235.2 -> 32135.7
A33: 2.2.2 | B33: Мероприятие | C33: 2026-2028 | D33: Всего | E33: =E34+E35+E36+E37 -> 136084.4 | F33: =F34+F35+F36+F37 -> 2749.8 | G33: =G34+G35+G36+G37 -> 31973.2 | H33: =H34+H35+H36+H37 -> 101361.4 | I33: =I34+I35+I36+I37 -> 0 | K33: муниципальные общеобразовательные организации
B34: Организация бесплатного горячего питания обучающихся, получающих начальное общее образование в муниципальных образовательных организациях | D34: 2026 | E34: =F34+G34+H34+I34 -> 44962.2 | F34: =662.7+221.3+17.1+0.1 -> 901.2 | G34: =833.7+10838.9-84.4 -> 11588.2 | H34: =32472.8 -> 32472.8 | J34: Обеспечение бесплатным горячим питанием обучающихся, получающих начальное общее образование в муниципальных образовательных организациях в полном объеме
D35: 2027 | E35: =F35+G35+H35+I35 -> 45222.4 | F35: =689.2+221.3+0 -> 910.5 | G35: =10838.9-296.6 -> 10542.3 | H35: 33769.6
D36: 2028 | E36: =F36+G36+H36+I36 -> 45899.8 | F36: =716.8+221.3 -> 938.1 | G36: =10838.9-996.2 -> 9842.7 | H36: 35119
A38: 2.2.3 | B38: Мероприятие | C38: 2026-2028 | D38: Всего | E38: =E39+E40+E41+E42 -> 11524.57 | F38: =F39+F40+F41+F42 -> 6740.07 | G38: =G39+G40+G41+G42 -> 4784.5 | H38: =H39+H40+H41+H42 -> 0 | I38: =I39+I40+I41+I42 -> 0 | K38: муниципальные общеобразовательные организации
B39: Обеспечение бесплатным цельным молоком либо питьевым молоком обучающихся 1-4 классов общеобразовательных учреждений для детей дошкольного и младшего школьного возраста | D39: 2026 | E39: =F39+G39+H39+I39 -> 4145.36 | F39: 2674.56 | G39: 1470.8 | J39: Обеспечение бесплатным цельным молоком либо питьевым молоком обучающихся 1-4 классов общеобразовательных учреждений для детей дошкольного и младшего школьного возраста в полном объеме
D40: 2027 | E40: =F40+G40+H40+I40 -> 3722.04 | F40: 2139.74 | G40: 1582.3
D41: 2028 | E41: =F41+G41+H41+I41 -> 3657.17 | F41: 1925.77 | G41: 1731.4
A43: 2.2.4. | B43: Мероприятие | C43: 2026-2028 | D43: Всего | E43: =F43+G43+H43+I43 -> 125175.32 | F43: =F44+F45+F46+F47 -> 125175.32 | G43: =G44+G45+G46+G47 -> 0 | H43: =H44+H45+H46+H47 -> 0 | I43: =I44+I45+I46+I47 -> 0 | K43: муниципальные общеобразовательные организации
B44: Организация питания в общеобразовательных организациях | D44: 2026 | E44: =F44+G44+H44+I44 -> 38955.44 | F44: =40023.18-1067.74 -> 38955.44 | J44: Обеспечение организации питания в общеобразовательных организациях в полном объеме
D45: 2027 | E45: =F45+G45+H45+I45 -> 43109.94 | F45: 43109.94
D46: 2028 | E46: =F46+G46+H46+I46 -> 43109.94 | F46: 43109.94
A48: ОМ 2.3 | B48: Основное мероприятие 3 | C48: 2026-2028 | D48: Всего | E48: =E49+E50+E51+E52 -> 32260.43 | F48: =F49+F50+F51+F52 -> 32260.43 | G48: =G49+G50+G51+G52 -> 0 | H48: =H49+H50+H51+H52 -> 0 | I48: =I49+I50+I51+I52 -> 0 | K48: муниципальные образовательные организации
B49: Организация подвоза обучающихся к месту учебы и обратно<*> | D49: 2026 | E49: =F49+G49+H49+I49 -> 10786.77 | F49: =10736.83+49.94 -> 10786.77
D50: 2027 | E50: =F50+G50+H50+I50 -> 10736.83 | F50: 10736.83 | J50: Обеспечение подвоза обучающихся к месту учебы и обратно
D51: 2028 | E51: =F51+G51+H51+I51 -> 10736.83 | F51: 10736.83
A53: ОМ 2.4 | B53: Основное мероприятие 4 | C53: 2026-2028 | D53: Всего | E53: =E54+E55+E56+E57 -> 5727 | F53: =F54+F55+F56+F57 -> 0 | G53: =G54+G55+G56+G57 -> 5727 | H53: =H54+H55+H56+H57 -> 0 | I53: =I54+I55+I56+I57 -> 0 | K53: муниципальные общеобразовательные организации
B54: Формирование системы школьных спортивных клубов, вовлечение обучающихся в систематические занятия физической культурой и спортом | D54: 2026 | E54: =E59 -> 1909 | F54: =F59 -> 0 | G54: =G59 -> 1909 | H54: =H59 -> 0 | I54: =I59 -> 0
D55: 2027 | E55: =E60 -> 1909 | F55: =F60 -> 0 | G55: =G60 -> 1909 | H55: =H60 -> 0 | I55: =I60 -> 0 | J55: -
D56: 2028 | E56: =E61 -> 1909 | F56: =F61 -> 0 | G56: =G61 -> 1909 | H56: =H61 -> 0 | I56: =I61 -> 0
A58: 2.4.1 | B58: Мероприятие | C58: 2026-2028 | D58: Всего | E58: =E59+E60+E61+E62 -> 5727 | F58: =F59+F60+F61+F62 -> 0 | G58: =G59+G60+G61+G62 -> 5727 | H58: =H59+H60+H61+H62 -> 0 | I58: =I59+I60+I61+I62 -> 0 | K58: муниципальные общеобразовательные организации
B59: Выплаты педагогическим работникам муниципальных общеобразовательных организаций Мурманской области, реализующих образовательные программы начального общего, основного общего, среднего общего образования, в том числе адаптированные основные общеобразовательные программы, за выполнение функций руководителя школьного спортивного клуба | D59: 2026 | E59: =F59+G59+H59+I59 -> 1909 | G59: =1835.6+73.4 -> 1909 | J59: Осуществление выплаты педагогическим работникам муниципальных общеобразовательных организаций за руководство школьными спортивными клубами
D60: 2027 | E60: =F60+G60+H60+I60 -> 1909 | G60: =1835.6+73.4 -> 1909
D61: 2028 | E61: =F61+G61+H61+I61 -> 1909 | G61: =1835.6+73.4 -> 1909
A63: ОМ 2.5 | B63: Основное мероприятие 5 | C63: 2026-2028 | D63: Всего | E63: =E64+E65+E66+E67 -> 14502.39 | F63: =F64+F65+F66+F67 -> 14502.39 | G63: =G64+G65+G66+G67 -> 0 | H63: =H64+H65+H66+H67 -> 0 | I63: =I64+I65+I66+I67 -> 0 | K63: муниципальные общеобразовательные организации
B64: Осуществление присмотра и ухода за детьми в группах продленного дня | D64: 2026 | E64: =F64+G64+H64+I64 -> 4834.13 | F64: 4834.13
D65: 2027 | E65: =F65+G65+H65+I65 -> 4834.13 | F65: 4834.13 | J65: -
D66: 2028 | E66: =F66+G66+H66+I66 -> 4834.13 | F66: 4834.13
A68: П 2.1 | B68: Нацональный проект "Молодежь и дети" | C68: 2026-2028 | D68: Всего | E68: =E69+E70+E71+E72 -> 258549.3 | F68: =F69+F70+F71+F72 -> 0 | G68: =G69+G70+G71+G72 -> 10429 | H68: =H69+H70+H71+H72 -> 248120.3 | I68: =I69+I70+I71+I72 -> 0 | K68: муниципальные общеобразовательные организации
B69: Региональный проект "Педагоги и наставники" | D69: 2026 | E69: =E74+E79+E84 -> 86784.7 | F69: =F74+F79+F84 -> 0 | G69: =G74+G79+G84 -> 3507.6 | H69: =H74+H79+H84 -> 83277.1 | I69: =I74+I79+I84 -> 0 | J69: 2.3.Доля обучающихся, охваченных мероприятиями, организованными советниками директоров по воспитанию и проведенными в общеобразовательных организациях
D70: 2027 | E70: =E75+E80+E85 -> 85848.6 | F70: =F75+F80+F85 -> 0 | G70: =G75+G80+G85 -> 3460.7 | H70: =H75+H80+H85 -> 82387.9 | I70: =I75+I80+I85 -> 0
D71: 2028 | E71: =E76+E81+E86 -> 85916 | F71: =F76+F81+F86 -> 0 | G71: =G76+G81+G86 -> 3460.7 | H71: =H76+H81+H86 -> 82455.3 | I71: =I76+I81+I86 -> 0
A73: 2.1.1 | B73: Мероприятие | C73: 2026-2028 | D73: Всего | E73: =E74+E75+E76+E77 -> 18681.8 | F73: =F74+F75+F76+F77 -> 0 | G73: =G74+G75+G76+G77 -> 0 | H73: =H74+H75+H76+H77 -> 18681.8 | I73: =I74+I75+I76+I77 -> 0 | K73: муниципальные общеобразовательные организации
B74: Проведение мероприятий по обеспечению деятельности советников директора по воспитанию и взаимодействию с детскими общественными объединениями в общеобразовательных организациях | D74: 2026 | E74: =F74+G74+H74+I74 -> 6110.2 | H74: 6110.2 | J74: Проведение мероприятий по обеспечению деятельности советников директора по воспитанию и взаимодействию с детскими общественными объединениями в общеобразовательных организациях
D75: 2027 | E75: =F75+G75+H75+I75 -> 6252.1 | H75: 6252.1
D76: 2028 | E76: =F76+G76+H76+I76 -> 6319.5 | H76: 6319.5
A78: 2.1.2 | B78: Мероприятие | C78: 2026-2028 | D78: Всего | E78: =E79+E80+E81+E82 -> 9163.5 | F78: =F79+F80+F81+F82 -> 0 | G78: =G79+G80+G81+G82 -> 398.4 | H78: =H79+H80+H81+H82 -> 8765.1 | I78: =I79+I80+I81+I82 -> 0 | K78: муниципальные общеобразовательные организации
B79: Обеспечение выплат ежемесячного денежного вознаграждения советникам директоров по воспитанию и взаимодействию с детскими общественными объединениями государственных общеобразовательных организаций, профессиональных образовательных организаций субъектов Российской Федерации, города Байконура и федеральной территории "Сириус", муниципальных общеобразовательных организаций и профессиональных образовательных организаций | D79: 2026 | E79: =F79+G79+H79+I79 -> 3054.5 | G79: 132.8 | H79: 2921.7 | J79: Обеспечение выплат ежемесячного денежного вознаграждения советникам директоров по воспитанию и взаимодействию с детскими общественными объединениями
D80: 2027 | E80: =F80+G80+H80+I80 -> 3054.5 | G80: 132.8 | H80: 2921.7
D81: 2028 | E81: =F81+G81+H81+I81 -> 3054.5 | G81: 132.8 | H81: 2921.7
A83: 2.1.3 | B83: Мероприятие | C83: 2026-2028 | D83: Всего | E83: =E84+E85+E86+E87 -> 230704 | F83: =F84+F85+F86+F87 -> 0 | G83: =G84+G85+G86+G87 -> 10030.6 | H83: =H84+H85+H86+H87 -> 220673.4 | I83: =I84+I85+I86+I87 -> 0 | K83: муниципальные общеобразовательные организации
B84: Ежемесячное денежное вознаграждение за классное руководство педагогическим работникам государственных и муниципальных образовательных организаций, реализующих образовательные программы начального общего образования, образовательные программы основного общего образования, образовательные программы среднего общего образования | D84: 2026 | E84: =F84+G84+H84+I84 -> 77620 | G84: 3374.8 | H84: 74245.2 | J84: Обеспечение ежемесячного денежного вознаграждения за классное руководство педагогическим работникам
D85: 2027 | E85: =F85+G85+H85+I85 -> 76542 | G85: 3327.9 | H85: 73214.1
D86: 2028 | E86: =F86+G86+H86+I86 -> 76542 | G86: 3327.9 | H86: 73214.1
B89: <*> в 2026 году предусмотрено на оплату неисполненных обязательств отчетного финансового года (всего 49,94 тыс.руб., вт.ч. МБ - 49,94 тыс.руб.)

Sheet 3 подпрограмма 
E1: Приложение № 4 к постановлению администрации Кандалакшского муниципального округа Мурманской области от 30.04.2026 № 819
A3: 3.3. План реализации и сведения об объёмах финансирования подпрограммы 3 на 2026 - 2028 годы
A5: № п/п | B5: Муниципальная программа, подпрограмма, основное мероприятие, проект, мероприятие | C5: Годы выполнения | D5: Объемы и источники финансирования | J5: Связь основных мероприятий с показателями подпрограмм, ожидаемые результаты реализации (краткая характеристика) мероприятий | K5: Соисполнители, участники
D6: (тыс. рублей)
D7: По годам | E7: Всего | F7: МБ | G7: ОБ | H7: ФБ | I7: ВБ
B8: Муниципальная программа | D8: Всего | J8: -
B9: "________________________" | D9: 20__
D10: 20__
D11: 20__
D12: 20__
A13: 3 | B13: Подпрограмма 3 | C13: 2026-2028 | D13: Всего | E13: =E14+E15+E16+E17 -> 705571.97 | F13: =F14+F15+F16+F17 -> 697032.98 | G13: =G14+G15+G16+G17 -> 8538.99 | H13: =H14+H15+H16+H17 -> 0 | I13: =I14+I15+I16+I17 -> 0 | J13: -
B14: "Содействие развитию дополнительного образования и реализация мероприятий для детей и молодежи" | D14: 2026 | E14: =F14+G14+H14+I14 -> 226296.49 | F14: =F19+F44+F59+F69+F99+F139+F149+F164+F159 -> 223450.76 | G14: =G19+G44+G59+G69+G99+G139+G149+G164 -> 2845.73 | H14: =H19+H44+H59+H69+H99+H139+H149+H164 -> 0 | I14: =I19+I44+I59+I69+I99+I139+I149+I164 -> 0
D15: 2027 | E15: =F15+G15+H15+I15 -> 239636.54 | F15: =F20+F45+F60+F70+F100+F140+F150+F165-0.01 -> 236790.81 | G15: =G20+G45+G60+G70+G100+G140+G150+G165 -> 2845.73 | H15: =H20+H45+H60+H70+H100+H140+H150+H165 -> 0 | I15: =I20+I45+I60+I70+I100+I140+I150+I165 -> 0
D16: 2028 | E16: =F16+G16+H16+I16 -> 239638.94 | F16: =F21+F46+F61+F71+F101+F141+F151+F166-0.01 -> 236791.41 | G16: =G21+G46+G61+G71+G101+G141+G151+G166 -> 2847.53 | H16: =H21+H46+H61+H71+H101+H141+H151+H166 -> 0 | I16: =I21+I46+I61+I71+I101+I141+I151+I166 -> 0
A18: ОМ 3.1 | B18: Основное мероприятие 1 | C18: 2026-2028 | D18: Всего | E18: =E19+E20+E21 -> 643632.43 | F18: =F19+F20+F21 -> 642015.34 | G18: =G19+G20+G21 -> 1617.09 | H18: =H19+H20+H21 -> 0 | I18: =I19+I20+I21 -> 0 | K18: МКУ «ИМЦ», муниципальные образовательные организации
B19: Реализация образовательных программ дополнительного образования | D19: 2026 | E19: =F19+G19+H19+I19 -> 205251.85 | F19: =F24+F29+F34+F39 -> 204712.82 | G19: =G24+G29 -> 539.03 | H19: =H24+H29 -> 0 | I19: =I24+I29 -> 0 | J19: 3.1. Увеличение доли детей, охваченных дополнительными общеобразовательными программами технической, туристско-краеведческой и естественно-научной направленности в системе образования
D20: 2027 | E20: =F20+G20+H20+I20 -> 219190.29 | F20: =F25+F30+F35+F40 -> 218651.26 | G20: =G25+G30 -> 539.03 | H20: =H25+H30 -> 0 | I20: =I25+I30 -> 0 | J20: 3.2. Доля детей, обучающихся по дополнительным общеразвивающим программам за счет социального сертификата на получение муниципальной услуги в социальной сфере, в негосударственных организациях, в общем числе детей, охваченных дополнительным образованием
D21: 2028 | E21: =F21+G21+H21+I21 -> 219190.29 | F21: =F26+F31+F36+F41 -> 218651.26 | G21: =G26+G31 -> 539.03 | H21: =H26+H31 -> 0 | I21: =I26+I31 -> 0 | J21: 3.3. Отношение средней заработной платы педагогических работников муниципальных организаций дополнительного образования к средней заработной плате учителей Кандалакшского муниципального округа Мурманской области
A23: 3.1.1 | B23: Мероприятие | C23: 2026-2028 | D23: Всего | E23: =E24+E25+E26+E27 -> 570903.51 | F23: =F24+F25+F26+F27 -> 569286.42 | G23: =G24+G25+G26+G27 -> 1617.09 | H23: =H24+H25+H26+H27 -> 0 | I23: =I24+I25+I26+I27 -> 0 | K23: муниципальные образовательные организации
B24: Реализация образовательных программ дополнительного образования | D24: 2026 | E24: =F24+G24+H24+I24 -> 180448.27 | F24: =55185.98+32937.24+42326.38+3699.3+45760.34 -> 179909.24 | G24: 539.03 | J24: Охват обучающихся программами дополнительного образования
D25: 2027 | E25: =F25+G25+H25+I25 -> 195227.62 | F25: =58626.86+35931.53+46174.23+4035.6+49920.37 -> 194688.59 | G25: 539.03
D26: 2028 | E26: =F26+G26+H26+I26 -> 195227.62 | F26: =58626.86+35931.53+46174.23+4035.6+49920.37 -> 194688.59 | G26: 539.03
A28: 3.1.2 | B28: Мероприятие | C28: 2026-2028 | D28: Всего | E28: =E29+E30+E31+E32 -> 14927.61 | F28: =F29+F30+F31+F32 -> 14927.61 | G28: =G29+G30+G31+G32 -> 0 | H28: =H29+H30+H31+H32 -> 0 | I28: =I29+I30+I31+I32 -> 0 | K28: муниципальные образовательные организации
B29: Финансовое обеспечении затрат, связанных с оказанием муниципальных услуг в социальной сфере по направлению деятельности "Реализация дополнительных общеразвивающих программ для детей" в соответствии с социальным сертификатом на получение муниципальной услуги в социальной сфере | D29: 2026 | E29: =F29+G29+H29+I29 -> 4975.87 | F29: 4975.87 | J29: Охват обучающихся по дополнительным общеразвивающим программам за счет социального сертификата на получение муниципальной услуги в социальной сфере, в негосударственных организациях, в общем числе детей, охваченных дополнительным образованием
D30: 2027 | E30: =F30+G30+H30+I30 -> 4975.87 | F30: 4975.87
D31: 2028 | E31: =F31+G31+H31+I31 -> 4975.87 | F31: 4975.87
A33: 3.1.3 | B33: Мероприятие | C33: 2026-2028 | D33: Всего | E33: =E34+E35+E36+E37 -> 25256.11 | F33: =F34+F35+F36+F37 -> 25256.11 | G33: =G34+G35+G36+G37 -> 0 | H33: =H34+H35+H36+H37 -> 0 | I33: =I34+I35+I36+I37 -> 0 | K33: муниципальные образовательные организации
B34: Содержание и функционирование бассейна | D34: 2026 | E34: =F34+G34+H34+I34 -> 8979.31 | F34: =8138.4+840.91 -> 8979.31 | J34: Содержание и функционирование бассейна
D35: 2027 | E35: =F35+G35+H35+I35 -> 8138.4 | F35: 8138.4
D36: 2028 | E36: =F36+G36+H36+I36 -> 8138.4 | F36: 8138.4
A38: 3.1.4 | B38: Мероприятие | C38: 2026-2028 | D38: Всего | E38: =E39+E40+E41+E42 -> 32545.2 | F38: =F39+F40+F41+F42 -> 32545.2 | G38: =G39+G40+G41+G42 -> 0 | H38: =H39+H40+H41+H42 -> 0 | I38: =I39+I40+I41+I42 -> 0 | K38: муниципальные образовательные организации
B39: Содержание и функционирование физкультурно-оздоровительного комплекса | D39: 2026 | E39: =F39+G39+H39+I39 -> 10848.4 | F39: 10848.4 | J39: Содержание и функционирование физкультурно-оздоровительного комплекса
D40: 2027 | E40: =F40+G40+H40+I40 -> 10848.4 | F40: 10848.4
D41: 2028 | E41: =F41+G41+H41+I41 -> 10848.4 | F41: 10848.4
A43: ОМ 3.2 | B43: Основное мероприятие 2 | C43: 2026-2028 | D43: Всего | E43: =E44+E45+E46+E47 -> 2145.18 | F43: =F44+F45+F46+F47 -> 2145.18 | G43: =G44+G45+G46+G47 -> 0 | H43: =H44+H45+H46+H47 -> 0 | I43: =I44+I45+I46+I47 -> 0 | K43: УО, МКУ «ИМЦ»,муниципальные образовательные организации
B44: Организация участия в региональных, всероссийских и международных конкурсах, олимпиадах, фестивалях, соревнованиях | D44: 2026 | E44: =E49+E54 -> 745.18 | F44: =F49+F54 -> 745.18 | G44: =G49+G54 -> 0 | H44: =H49+H54 -> 0 | I44: =I49+I54 -> 0 | J44: 3.4. Увеличение удельного веса численности детей, охваченных мероприятиями профилактической направленности
D45: 2027 | E45: =E50+E55 -> 700 | F45: =F50+F55 -> 700 | G45: =G50+G55 -> 0 | H45: =H50+H55 -> 0 | I45: =I50+I55 -> 0 | J45: 3.5. Увеличение удельного веса численности обучающихся по основным образовательным программам начального общего, основного общего и среднего общего образования, участвующих в олимпиадах и конкурсах регионального уровня, в общей численности обучающихся по основным образовательным программам начального, основного общего и среднего общего образования
D46: 2028 | E46: =E51+E56 -> 700 | F46: =F51+F56 -> 700 | G46: =G51+G56 -> 0 | H46: =H51+H56 -> 0 | I46: =I51+I56 -> 0
A48: 3.2.1 | B48: Мероприятие | C48: 2026-2028 | D48: Всего | E48: =E49+E50+E51+E52 -> 1245.18 | F48: =F49+F50+F51+F52 -> 1245.18 | G48: =G49+G50+G51+G52 -> 0 | H48: =H49+H50+H51+H52 -> 0 | I48: =I49+I50+I51+I52 -> 0 | K48: УО, МКУ «ИМЦ»,муниципальные образовательные организации
B49: Направление обучающихся для участия в конкурсах, олимпиадах, фестивалях, соревнованиях регионального, всероссийского, международного уровней <*> | D49: 2026 | E49: =F49+G49+H49+I49 -> 445.18 | F49: =400+45.18 -> 445.18 | J49: Направление обучающихся для участия в конкурсах, олимпиадах, фестивалях, соревнованиях регионального, всероссийского, международного уровней
D50: 2027 | E50: =F50+G50+H50+I50 -> 400 | F50: 400
D51: 2028 | E51: =F51+G51+H51+I51 -> 400 | F51: 400
A53: 3.2.2 | B53: Мероприятие | C53: 2026-2028 | D53: Всего | E53: =E54+E55+E56+E57 -> 900 | F53: =F54+F55+F56+F57 -> 900 | G53: =G54+G55+G56+G57 -> 0 | H53: =H54+H55+H56+H57 -> 0 | I53: =I54+I55+I56+I57 -> 0 | K53: УО, МКУ «ИМЦ»,муниципальные образовательные организации
B54: Награждение победителей и призеров конкурсов, олимпиад, фестивалей, соревнований регионального, всероссийского международного уровней | D54: 2026 | E54: =F54+G54+H54+I54 -> 300 | F54: 300 | J54: Награждение победителей и призеров конкурсов,олимпиад,фестивалей,соревнований регионального, всероссийского международного уровней
D55: 2027 | E55: =F55+G55+H55+I55 -> 300 | F55: 300
D56: 2028 | E56: =F56+G56+H56+I56 -> 300 | F56: 300
A58: ОМ 3.3 | B58: Основное мероприятие 3 | C58: 2026-2028 | D58: Всего | E58: =E59+E60+E61+E62 -> 868.5 | F58: =F59+F60+F61+F62 -> 868.5 | G58: =G59+G60+G61+G62 -> 0 | H58: =H59+H60+H61+H62 -> 0 | I58: =I59+I60+I61+I62 -> 0 | K58: Управление образования
B59: Целевая поддержка одаренных и талантливых детей, талантливой молодежи | D59: 2026 | E59: =E64 -> 289.5 | F59: =F64 -> 289.5 | G59: =G64 -> 0 | H59: =H64 -> 0 | I59: =I64 -> 0 | J59: Целевая поддержка одаренных и талантливых детей и талантливой молодежи
D60: 2027 | E60: =E65 -> 289.5 | F60: =F65 -> 289.5 | G60: =G65 -> 0 | H60: =H65 -> 0 | I60: =I65 -> 0
D61: 2028 | E61: =E66 -> 289.5 | F61: =F66 -> 289.5 | G61: =G66 -> 0 | H61: =H66 -> 0 | I61: =I66 -> 0
A63: 3.3.1 | B63: Мероприятие | C63: 2026-2028 | D63: Всего | E63: =E64+E65+E66+E67 -> 868.5 | F63: =F64+F65+F66+F67 -> 868.5 | G63: =G64+G65+G66+G67 -> 0 | H63: =H64+H65+H66+H67 -> 0 | I63: =I64+I65+I66+I67 -> 0 | K63: УО
B64: Стипендии администрации Кандалакшского муниципального округа | D64: 2026 | E64: =F64+G64+H64+I64 -> 289.5 | F64: 289.5
D65: 2027 | E65: =F65+G65+H65+I65 -> 289.5 | F65: 289.5 | J65: Выплата стипендий администрации муниципального образования Кандалакшский муниципальный округ Мурманской области
D66: 2028 | E66: =F66+G66+H66+I66 -> 289.5 | F66: 289.5
A68: ОМ 3.4 | B68: Основное мероприятие 4 | C68: 2026-2028 | D68: Всего | E68: =E69+E70+E71+E72 -> 14588.69 | F68: =F69+F70+F71+F72 -> 14588.69 | G68: =G69+G70+G71+G72 -> 0 | H68: =H69+H70+H71+H72 -> 0 | I68: =I69+I70+I71+I72 -> 0 | K68: УО, МКУ «ИМЦ»,муниципальные образовательные организации
B69: Организация и проведение мероприятий для детей и молодежи | D69: 2026 | E69: =E74+E79+E84+E89-0.01 -> 4768.11 | F69: =F74+F79+F84+F89-0.01 -> 4768.11 | G69: =G74+G79+G84+G89 -> 0 | H69: =H74+H79+H84+H89 -> 0 | I69: =I74+I79+I84+I89 -> 0
D70: 2027 | E70: =E75+E80+E85+E90 -> 4910.29 | F70: =F75+F80+F85+F90 -> 4910.29 | G70: =G75+G80+G85+G90 -> 0 | H70: =H75+H80+H85+H90 -> 0 | I70: =I75+I80+I85+I90 -> 0 | J70: 3.6 Количество проведенных мероприятий для детей и молодежи
D71: 2028 | E71: =E76+E81+E86+E91 -> 4910.29 | F71: =F76+F81+F86+F91 -> 4910.29 | G71: =G76+G81+G86+G91 -> 0 | H71: =H76+H81+H86+H91 -> 0 | I71: =I76+I81+I86+I91 -> 0
A73: 3.4.1 | B73: Мероприятие | C73: 2026-2028 | D73: Всего | E73: =E74+E75+E76+E77 -> 7696.23 | F73: =F74+F75+F76+F77 -> 7696.23 | G73: =G74+G75+G76+G77 -> 0 | H73: =H74+H75+H76+H77 -> 0 | I73: =I74+I75+I76+I77 -> 0 | K73: УО, МКУ «ИМЦ»,муниципальные образовательные организации
B74: Организация и проведение мероприятий интеллектуальной, творческой, спортивной и профилактической направленности | D74: 2026 | E74: =F74+G74+H74+I74 -> 2565.41 | F74: 2565.41
D75: 2027 | E75: =F75+G75+H75+I75 -> 2565.41 | F75: 2565.41 | J75: Проведение запланированных мероприятий интеллектуальной, творческой, спортивной и профилактической направленности "
D76: 2028 | E76: =F76+G76+H76+I76 -> 2565.41 | F76: 2565.41
A78: 3.4.2 | B78: Мероприятие | C78: 2026-2028 | D78: Всего | E78: =E79+E80+E81+E82 -> 900 | F78: =F79+F80+F81+F82 -> 900 | G78: =G79+G80+G81+G82 -> 0 | H78: =H79+H80+H81+H82 -> 0 | I78: =I79+I80+I81+I82 -> 0 | K78: УО, МКУ «ИМЦ»,муниципальные образовательные организации
B79: Приобретение подарков первоклассникам | D79: 2026 | E79: =F79+G79+H79+I79 -> 300 | F79: 300
D80: 2027 | E80: =F80+G80+H80+I80 -> 300 | F80: 300 | J80: Приобретение подарков первоклассникам
D81: 2028 | E81: =F81+G81+H81+I81 -> 300 | F81: 300
A83: 3.4.3 | B83: Мероприятие | C83: 2026-2028 | D83: Всего | E83: =E84+E85+E86+E87 -> 1551.57 | F83: =F84+F85+F86+F87 -> 1551.57 | G83: =G84+G85+G86+G87 -> 0 | H83: =H84+H85+H86+H87 -> 0 | I83: =I84+I85+I86+I87 -> 0 | K83: УО, МКУ «ИМЦ»,муниципальные образовательные организации
B84: Организация поездки обучающихся на Губернаторскую елку | D84: 2026 | E84: =F84+G84+H84+I84 -> 517.19 | F84: 517.19 | J84: Организация поездки обучающихся на Губернаторскую елку
D85: 2027 | E85: =F85+G85+H85+I85 -> 517.19 | F85: 517.19
D86: 2028 | E86: =F86+G86+H86+I86 -> 517.19 | F86: 517.19
A88: 3.4.4 | B88: Мероприятие | C88: 2026-2028 | D88: Всего | E88: =E89+E90+E91+E92 -> 4440.9 | F88: =F89+F90+F91+F92 -> 4440.9 | G88: =G89+G90+G91+G92 -> 0 | H88: =H89+H90+H91+H92 -> 0 | I88: =I89+I90+I91+I92 -> 0 | K88: муниципальные образовательные организации
B89: Организация подвоза детей и молодежи на мероприятия местного и регионального уровней | D89: 2026 | E89: =F89+G89+H89+I89 -> 1385.52 | F89: =1527.69-142.17 -> 1385.52
D90: 2027 | E90: =F90+G90+H90+I90 -> 1527.69 | F90: 1527.69 | J90: Организация подвоза детей и молодежи на мероприятия местного и регионального уровней
D91: 2028 | E91: =F91+G91+H91+I91 -> 1527.69 | F91: 1527.69
A93: 3.4.5 | B93: Мероприятие | C93: 2026-2028 | D93: Всего | E93: =E94+E95+E96+E97 -> 0 | F93: =F94+F95+F96+F97 -> 0 | G93: =G94+G95+G96+G97 -> 0 | H93: =H94+H95+H96+H97 -> 0 | I93: =I94+I95+I96+I97 -> 0 | K93: муниципальные образовательные организации
B94: Мероприятия по гражданско-патриотическому воспитанию детей и молодежи | D94: 2026 | E94: =F94+G94+H94+I94 -> 0
D95: 2027 | E95: =F95+G95+H95+I95 -> 0 | J95: Проведение мероприятий по гражданско-патриотическому воспитанию детей и молодежи
D96: 2028 | E96: =F96+G96+H96+I96 -> 0
A98: ОМ 3.5 | B98: Основное мероприятие 5 | C98: 2026-2028 | D98: Всего | E98: =E99+E100+E101+E102 -> 39086.02 | F98: =F99+F100+F101+F102 -> 32164.12 | G98: =G99+G100+G101+G102 -> 6921.9 | H98: =H99+H100+H101+H102 -> 0 | I98: =I99+I100+I101+I102 -> 0 | K98: УО, МКУ «ИМЦ»,муниципальные образовательные организации
B99: Организация качественного отдыха, оздоровления и занятости детей в возрасте от 6 до 18 лет | D99: 2026 | E99: =F99+G99+H99+I99 -> 13011.46 | F99: =F104+F109+F114+F124+F119-0.01 -> 10704.76 | G99: =G104+G109+G114+G124 -> 2306.7 | H99: =H104+H109+H114+H124 -> 0 | I99: =I104+I109+I114+I124 -> 0 | J99: 3.7. Доля отдохнувших и оздоровленных детей в возрасте от 6 до 18 лет в оздоровительных учреждениях от общей численности детей данной возрастной категории
D100: 2027 | E100: =F100+G100+H100+I100 -> 13036.08 | F100: =F105+F110+F115+F125+F120 -> 10729.38 | G100: =G105+G110+G115+G125 -> 2306.7 | H100: =H105+H110+H115+H125 -> 0 | I100: =I105+I110+I115+I125 -> 0
D101: 2028 | E101: =F101+G101+H101+I101 -> 13038.48 | F101: =F106+F116+F111+F126+F121 -> 10729.98 | G101: =G106+G116+G111+G126 -> 2308.5 | H101: =H106+H116+H111+H126 -> 0 | I101: =I106+I116+I111+I126 -> 0
A103: 3.5.1 | B103: Мероприятие | C103: 2026-2028 | D103: Всего | E103: =E104+E105+E106+E107 -> 26914.23 | F103: =F104+F105+F106+F107 -> 19992.33 | G103: =G104+G105+G106+G107 -> 6921.9 | H103: =H104+H105+H106+H107 -> 0 | I103: =I104+I105+I106+I107 -> 0 | K103: УО, МКУ «ИМЦ»,муниципальные образовательные организации
B104: Организация отдыха детей в возрасте от 6 до 17 лет (включительно) в муниципальных образовательных организациях | D104: 2026 | E104: =F104+G104+H104+I104 -> 8958.37 | F104: =5901.13+768.9-18.36 -> 6651.67 | G104: 2306.7
D105: 2027 | E105: =F105+G105+H105+I105 -> 8976.73 | F105: =5901.13+768.9 -> 6670.03 | G105: 2306.7 | J105: Организация отдыха детей в возрасте от 6 до 17 лет (включительно) в муниципальных образовательных организациях
D106: 2028 | E106: =F106+G106+H106+I106 -> 8979.13 | F106: =5901.13+769.5 -> 6670.63 | G106: 2308.5
A108: 3.5.2 | B108: Мероприятие | C108: 2026-2028 | D108: Всего | E108: =E109+E110+E111+E112 -> 0 | F108: =F109+F110+F111+F112 -> 0 | G108: =G109+G110+G111+G112 -> 0 | H108: =H109+H110+H111+H112 -> 0 | I108: =I109+I110+I111+I112 -> 0 | K108: УО, МКУ «ИМЦ»,муниципальные образовательные организации
B109: Организация отдыха детей в возрасте от 6 до 17 лет (включительно) в организациях, расположенных на территории Мурманской области | D109: 2026 | J109: Организация отдыха детей в возрасте от 6 до 17 лет (включительно) в организациях, расположенных на территории Мурманской области
D110: 2027
D111: 2028
A113: 3.5.3 | B113: Мероприятие | C113: 2026-2028 | D113: Всего | E113: =E114+E115+E116+E117 -> 1980 | F113: =F114+F115+F116+F117 -> 1980 | G113: =G114+G115+G116+G117 -> 0 | H113: =H114+H115+H116+H117 -> 0 | I113: =I114+I115+I116+I117 -> 0 | K113: УО, МКУ «ИМЦ»,муниципальные образовательные организации
B114: Сопровождение организованных групп детей до места отдыха и обратно | D114: 2026 | E114: =F114++G114+H114+I114 -> 660 | F114: 660 | J114: Организация сопровождения организованных групп детей до места отдыха и обратно, проведены культурно - массовые мероприятия, конкурсы, спортивные сорревнования, праздники
D115: 2027 | E115: =F115+G115+H115+I115 -> 660 | F115: 660
D116: 2028 | E116: =F116+G116+H116+I116 -> 660 | F116: 660
A118: 3.5.4 | B118: Мероприятие | C118: 2026-2028 | D118: Всего | E118: =E119+E120+E121+E122 -> 165 | F118: =F119+F120+F121+F122 -> 165 | G118: =G119+G120+G121+G122 -> 0 | H118: =H119+H120+H121+H122 -> 0 | I118: =I119+I120+I121+I122 -> 0 | K118: УО, МКУ «ИМЦ»,муниципальные образовательные организации
B119: Организация культурно-массовых мероприятий, конкурсов, экскурсий, спортивных соревнований и праздников в рамках оздоровительной кампании | D119: 2026 | E119: =F119++G119+H119+I119 -> 55 | F119: 55 | J119: Проведенение культурно - массовхе мероприятий, конкурсов, спортивных соревнований, праздников в рамках оздоровительной кампании
D120: 2027 | E120: =F120+G120+H120+I120 -> 55 | F120: 55
D121: 2028 | E121: =F121+G121+H121+I121 -> 55 | F121: 55
A123: 3.5.5 | B123: Мероприятие | C123: 2026-2028 | D123: Всего | E123: =E124+E125+E126+E127 -> 10026.8 | F123: =F124+F125+F126+F127 -> 10026.8 | G123: =G124+G125+G126+G127 -> 0 | H123: =H124+H125+H126+H127 -> 0 | I123: =I124+I125+I126+I127 -> 0 | K123: УО, МКУ «ИМЦ»,муниципальные образовательные организации
B124: Организация проведения временных общественно полезных работ для несовершеннолетних граждан в возрасте от 14 до 18 лет | D124: 2026 | E124: =F124+G124+H124+I124 -> 3338.1 | F124: =288.24+3049.86 -> 3338.1 | J124: Организация временных общественно полезные работы для несовершеннолетних граждан в возрасте от 14 до 18 лет
...

Sheet 4 подпрограмма 
C1: Приложение № 5 к постановлению администрации Кандалакшского муниципального округа Мурманской области от 30.04.2026 № 819
A3: 3.4. План реализации и сведения об объёмах финансирования подпрограммы 4 на 2026 - 2028 годы
A5: № п/п | B5: Муниципальная программа, подпрограмма, основное мероприятие, проект, мероприятие | C5: Годы выполнения | D5: Объемы и источники финансирования | J5: Связь основных мероприятий с показателями подпрограмм, ожидаемые результаты реализации (краткая характеристика) мероприятий | K5: Соисполнители, участники
D6: (тыс. рублей)
D7: По годам | E7: Всего | F7: МБ | G7: ОБ | H7: ФБ | I7: ВБ
B8: Муниципальная программа | D8: Всего | J8: -
B9: "________________________" | D9: 20__
D10: 20__
D11: 20__
D12: 20__
A13: 4 | B13: Подпрограмма 4 | C13: 2026-2028 | D13: Всего | E13: =F13+G13+H13+I13 -> 449138.93 | F13: =F14+F15+F16+F17 -> 449138.93 | G13: =G14+G15+G16+G17 -> 0 | H13: =H14+H15+H16+H17 -> 0 | I13: =I14+I15+I16+I17 -> 0 | J13: -
B14: "Совершенствование управления муниципальной системой образования" | D14: 2026 | E14: =F14+G14+H14+I14 -> 145812.06 | F14: =F19+F39+F84+F89+F94+F99 -> 145812.06 | G14: =G19+G39+G84+G89+G94+G99 -> 0 | H14: =H19+H39+H84+H89+H94+H99 -> 0 | I14: =I19+I39+I84+I89+I94+I99 -> 0
D15: 2027 | E15: =F15+G15+H15+I15 -> 151622.24 | F15: =F20+F40+F85+F90+F95+F100 -> 151622.24 | G15: =G20+G40+G85+G90+G95+G100 -> 0 | H15: =H20+H40+H85+H90+H95+H100 -> 0 | I15: =I20+I40+I85+I90+I95+I100 -> 0
D16: 2028 | E16: =F16+G16+H16+I16 -> 151704.63 | F16: =F21+F41+F86+F91+F96+F101 -> 151704.63 | G16: =G21+G41+G86+G91+G96+G101 -> 0 | H16: =H21+H41+H86+H91+H96+H101 -> 0 | I16: =I21+I41+I86+I91+I96+I101 -> 0
A18: ОМ 4.1 | B18: Основное мероприятие 1 | C18: 2026-2028 | D18: Всего | E18: =F18+G18+H18+I18 -> 421681.29 | F18: =F19+F20+F21+F22 -> 421681.29 | G18: =G19+G20+G21+G22 -> 0 | H18: =H19+H20+H21+H22 -> 0 | I18: =I19+I20+I21+I22 -> 0 | K18: МКУ "ИМЦ", МКУ "ЦБ УО"
B19: Обеспечение условий реализации муниципальной программы Кандалакшского муниципального округа Мурманской области "Развитие образования" | D19: 2026 | E19: =F19+G19+H19+I19 -> 133205.42 | F19: =F24+F29+F34+0.01 -> 133205.42 | G19: =G24+G29+G34 -> 0 | H19: =H24+H29+H34 -> 0 | I19: =I24+I29+I34 -> 0 | J19: -
D20: 2027 | E20: =F20+G20+H20+I20 -> 144196.74 | F20: =F25+F30+F35-0.01 -> 144196.74 | G20: =G25+G30+G35 -> 0 | H20: =H25+H30+H35 -> 0 | I20: =I25+I30+I35 -> 0
D21: 2028 | E21: =F21+G21+H21+I21 -> 144279.13 | F21: =F26+F31+F36 -> 144279.13 | G21: =G26+G31+G36 -> 0 | H21: =H26+H31+H36 -> 0 | I21: =I26+I31+I36 -> 0
A23: 4.1.1 | B23: Мероприятие | C23: 2026-2028 | D23: Всего | E23: =E24+E25+E26+E27 -> 47353.77 | F23: =F24+F25+F26+F27 -> 47353.77 | G23: =G24+G25+G26+G27 -> 0 | H23: =H24+H25+H26+H27 -> 0 | I23: =I24+I25+I26+I27 -> 0 | K23: МКУ "ИМЦ"
B24: Обеспечение условий для реализации муниципальной программы (в части информационно-методического сопровождения образовательного процесса) <*> | D24: 2026 | E24: =F24+G24+H24+I24 -> 15018.09 | F24: =14450.83+493.64+73.62 -> 15018.09 | J24: Обеспечение условий для реализации муниципальной программы (в части информационно-методического сопровождения образовательного процесса)
D25: 2027 | E25: =F25+G25+H25+I25 -> 16126.65 | F25: =15588.13+538.52 -> 16126.65
D26: 2028 | E26: =F26+G26+H26+I26 -> 16209.03 | F26: =15670.51+538.52 -> 16209.03
A28: 4.1.2 | B28: Мероприятие | C28: 2026-2028 | D28: Всего | E28: =E29+E30+E31+E32 -> 10205.73 | F28: =F29+F30+F31+F32 -> 10205.73 | G28: =G29+G30+G31+G32 -> 0 | H28: =H29+H30+H31+H32 -> 0 | I28: =I29+I30+I31+I32 -> 0 | K28: МКУ "ИМЦ"
B29: Обеспечение условий для реализации муниципальной программы (в части информационно-методического сопровождения дополнительного образования) | D29: 2026 | E29: =F29+G29+H29+I29 -> 3207.51 | F29: 3207.51 | J29: Обеспечение условий для реализации муниципальной программы(в части информационно-методического сопровождения дополнительного образования)
D30: 2027 | E30: =F30+G30+H30+I30 -> 3499.11 | F30: =3499.1+0.01 -> 3499.11
D31: 2028 | E31: =F31+G31+H31+I31 -> 3499.11 | F31: 3499.11
A33: 4.1.3 | B33: Мероприятие | C33: 2026-2028 | D33: Всего | E33: =E34+E35+E36+E37 -> 364121.79 | F33: =F34+F35+F36+F37 -> 364121.79 | G33: =G34+G35+G36+G37 -> 0 | H33: =H34+H35+H36+H37 -> 0 | I33: =I34+I35+I36+I37 -> 0 | K33: МКУ "ЦБ УО"
B34: Обеспечение условий для реализации муниципальной программы (кроме информационно-методического сопровождения) <**> | D34: 2026 | E34: =F34+G34+H34+I34 -> 114979.81 | F34: =37094.63+1064.49+68894.98+7509.97+185.4+230.34 -> 114979.81 | J34: Обеспечение условий для реализации муниципальной программы( кроме информационно-методического сопровождения образовательного процесса)
D35: 2027 | E35: =F35+G35+H35+I35 -> 124570.99 | F35: =40058.87+1161.26+75158.16+8192.7 -> 124570.99
D36: 2028 | E36: =F36+G36+H36+I36 -> 124570.99 | F36: =40058.87+1161.26+75158.16+8192.7 -> 124570.99
A38: ОМ 4.2 | B38: Основное мероприятие 2 | C38: 2026-2028 | D38: Всего | E38: =E39+E40+E41 -> 5757.2 | F38: =F39+F40+F41 -> 5757.2 | G38: =G39+G40+G41 -> 0 | H38: =H39+H40+H41 -> 0 | I38: =I39+I40+I41 -> 0 | K38: УО,МКУ "ИМЦ" , муниципальные образовательные организации
B39: "Повышение престижа педагогической профессии и проведение мероприятий с педагогической общественностью" | D39: 2026 | E39: =F39+G39+H39+I39 -> 1688.6 | F39: =F44+F49+F54+F69+F74+F79 -> 1688.6 | G39: =G44+G49+G54+G69+G74+G79 -> 0 | H39: =H44+H49+H54+H69+H74+H79 -> 0 | I39: =I44+I49+I54+I69+I74+I79 -> 0 | J39: 4.1. Сохранение количества действующих договоров о целевом обучении по педагогическим направлениям подготовки
D40: 2027 | E40: =F40+G40+H40+I40 -> 2034.3 | F40: =F45+F50+F55+F70+F75+F80 -> 2034.3 | G40: =G45+G55+G60+G65+G70+G80 -> 0 | H40: =H45+H55+H60+H65+H70+H80 -> 0 | I40: =I45+I55+I60+I65+I70+I80 -> 0 | J40: 4.2. Сохранение численности молодых специалистов, получивших муниципальную единовременную выплату
D41: 2028 | E41: =F41+G41+H41+I41 -> 2034.3 | F41: =F46+F51+F56+F71+F76+F81 -> 2034.3 | G41: =G56+G61+G66+G71+G81 -> 0 | H41: =H56+H61+H66+H71+H81 -> 0 | I41: =I56+I61+I66+I71+I81 -> 0
A43: 4.2.1 | B43: Мероприятие | C43: 2026-2028 | D43: Всего | E43: =E44+E45+E46+E47 -> 1317.2 | F43: =F44+F45+F46+F47 -> 1317.2 | G43: =G44+G45+G46+G47 -> 0 | H43: =H44+H45+H46+H47 -> 0 | I43: =I44+I45+I46+I47 -> 0 | K43: УО
B44: Проведение муниципальных этапов конкурсов и фестивалей профессионального педагогического мастерства <***> | D44: 2026 | E44: =F44+G44+H44+I44 -> 448.6 | F44: =434.3+14.3 -> 448.6 | J44: Проведение муниципальных этапов конкурсов и фестивалей профессионального педагогического мастерства
D45: 2027 | E45: =F45+G45+H45+I45 -> 434.3 | F45: 434.3
D46: 2028 | E46: =F46+G46+H46+I46 -> 434.3 | F46: 434.3
A48: 4.2.2 | B48: Мероприятие | C48: 2026-2028 | D48: Всего | E48: =E49+E50+E51+E52 -> 1200 | F48: =F49+F50+F51+F52 -> 1200 | G48: =G49+G50+G51+G52 -> 0 | H48: =H49+H50+H51+H52 -> 0 | I48: =I49+I50+I51+I52 -> 0 | K48: УО,МКУ "ИМЦ" , муниципальные образовательные организации
B49: Проведение торжественных мероприятий, посвященных Международному дню учителя | D49: 2026 | E49: =F49+G49+H49+I49 -> 400 | F49: 400 | J49: Проведение торжественное мероприятие, посвященного Международному дню учителя
D50: 2027 | E50: =F50+G50+H50+I50 -> 400 | F50: 400
D51: 2028 | E51: =F51+G51+H51+I51 -> 400 | F51: 400
A53: 4.2.3 | B53: Мероприятие | C53: 2026-2028 | D53: Всего | E53: =E54+E55+E56+E57 -> 900 | F53: =F54+F55+F56+F57 -> 900 | G53: =G54+G55+G56+G57 -> 0 | H53: =H54+H55+H56+H57 -> 0 | I53: =I54+I55+I56+I57 -> 0 | K53: УО
B54: Стипендии студентам, обучающимся по договорам о целевом обучении по педагогическим направлениям подготовки | D54: 2026 | E54: =F54+G54+H54+I54 -> 300 | F54: 300 | J54: Выплата стипендии студентам, обучающимся по договорам о целевом обучении по педагогическим направлениям подготовки
D55: 2027 | E55: =F55+G55+H55+I55 -> 300 | F55: 300
D56: 2028 | E56: =F56+G56+H56+I56 -> 300 | F56: 300
A68: 4.2.4 | B68: Мероприятие | C68: 2026-2028 | D68: Всего | E68: =E69+E70+E71+E72 -> 600 | F68: =F69+F70+F71+F72 -> 600 | G68: =G69+G70+G71+G72 -> 0 | H68: =H69+H70+H71+H72 -> 0 | I68: =I69+I70+I71+I72 -> 0 | K68: УО
B69: Единовременная выплата обучающимся, заключившим договор о целевом обучении и успешно прошедшим конкурсный отбор на места по целевой квоте для обучения за счет средств федерального бюджета по педагогическим направлениям подготовки | D69: 2026 | E69: =F69+G69+H69+I69 -> 200 | F69: 200 | J69: Осуществление единовременной выплаты обучающимся, заключившим договор о целевом обучении и успешно прошедшим конкурсный отбор на места по целевой квоте для обучения за счет средств федерального бюджета по педагогическим направлениям подготовки
D70: 2027 | E70: =F70+G70+H70+I70 -> 200 | F70: 200
D71: 2028 | E71: =F71+G71+H71+I71 -> 200 | F71: 200
A73: 4.2.5 | B73: Мероприятие | C73: 2026-2028 | D73: Всего | E73: =E74+E75+E76+E77 -> 600 | F73: =F74+F75+F76+F77 -> 600 | G73: =G74+G75+G76+G77 -> 0 | H73: =H74+H75+H76+H77 -> 0 | I73: =I74+I75+I76+I77 -> 0 | K73: УО
B74: Единовременная выплата молодым специалистам, заключившим трудовые договоры на замещение вакантных должностей учителей в общеобразовательных организациях | D74: 2026 | E74: =F74+G74+H74+I74 -> 200 | F74: 200 | J74: Осуществление единовременных выплат молодым специалистам, заключившим трудовые договоры на замещение вакантных должностей учителей в общеобразовательных организациях
D75: 2027 | E75: =F75+G75+H75+I75 -> 200 | F75: 200
D76: 2028 | E76: =F76+G76+H76+I76 -> 200 | F76: 200
A78: 4.2.6 | B78: Мероприятие | C78: 2026-2028 | D78: Всего | E78: =E79+E80+E81+E82 -> 1140 | F78: =F79+F80+F81+F82 -> 1140 | G78: =G79+G80+G81+G82 -> 0 | H78: =H79+H80+H81+H82 -> 0 | I78: =I79+I80+I81+I82 -> 0 | K78: УО,МКУ "ИМЦ" , муниципальные образовательные организации
B79: Организация и проведение мероприятий в рамках года, объявленного Президентом России | D79: 2026 | E79: =F79+G79+H79+I79 -> 140 | F79: =500-360 -> 140 | J79: Организация и проведение мероприятий в рамках года, объявленного Президентом России
D80: 2027 | E80: =F80+G80+H80+I80 -> 500 | F80: 500
D81: 2028 | E81: =F81+G81+H81+I81 -> 500 | F81: 500
A83: ОМ 4.3 | B83: Основное мероприятие 3 | C83: 2026-2028 | D83: Всего | E83: =E84+E85+E86+E87 -> 2673.6 | F83: =F84+F85+F86+F87 -> 2673.6 | G83: =G84+G85+G86+G87 -> 0 | H83: =H84+H85+H86+H87 -> 0 | I83: =I84+I85+I86+I87 -> 0 | K83: УО , МКУ "ИМЦ" , муниципальные образовательные организации
B84: Организация и проведение государственной итоговой аттестации | D84: 2026 | E84: =F84+G84+H84+I84 -> 891.2 | F84: 891.2 | J84: Организация и проведение государственной итоговой аттестации
D85: 2027 | E85: =F85+G85+H85+I85 -> 891.2 | F85: 891.2
D86: 2028 | E86: =F86+G86+H86+I86 -> 891.2 | F86: 891.2
A88: ОМ 4.4 | B88: Основное мероприятие 4 | C88: 2026-2028 | D88: Всего | E88: =E89+E90+E91+E92 -> 19026.84 | F88: =F89+F90+F91+F92 -> 19026.84 | G88: =G89+G90+G91+G92 -> 0 | H88: =H89+H90+H91+H92 -> 0 | I88: =I89+I90+I91+I92 -> 0 | K88: МКУ "ЦБ УО", МКУ "ИМЦ" , муниципальные образовательные организации
B89: Компенсация расходов на оплату стоимости проезда и провоза багажа к месту использования отпуска и обратно лицам, работающим в организациях, финансируемых из местного бюджета<****> | D89: 2026 | E89: =F89+G89+H89+I89 -> 10026.84 | F89: =10000+26.84 -> 10026.84
D90: 2027 | E90: =F90+G90+H90+I90 -> 4500 | F90: =4500 -> 4500 | J90: Компенсация расходов на оплату стоимости проезда и провоза багажа к месту использования отпуска и обратно лицам, работающим в организациях, финансируемых из местного бюджета
D91: 2028 | E91: =F91+G91+H91+I91 -> 4500 | F91: 4500
A93: ОМ 4.5 | B93: Основное мероприятие 5 | C93: 2026-2028 | D93: Всего | E93: =E94+E95+E96+E97 -> 0 | F93: =F94+F95+F96+F97 -> 0 | G93: =G94+G95+G96+G97 -> 0 | H93: =H94+H95+H96+H97 -> 0 | I93: =I94+I95+I96+I97 -> 0 | K93: МКУ "ЦБ УО", МКУ "ИМЦ" , муниципальные образовательные организации
B94: Компенсация расходов на оплату стоимости проезда и провоза багажа при переезде лиц (работников), а также членов их семей, при заключении (расторжении) трудовых договоров (контрактов) с организациями, финансируемыми из местного бюджета | D94: 2026 | J94: Компенсация расходов на оплату стоимости проезда и провоза багажа при переезде лиц (работников), а также членов их семей, при заключении (расторжении) трудовых договоров (контрактов) с организациями, финансируемыми из местного бюджета
D95: 2027
D96: 2028
B104: <*> в 2026 году предусмотрено на оплату неисполненных обязательств отчетного финансового года (всего 73,62 тыс.руб., вт.ч. МБ - 73,62 тыс.руб.)
B106: <**> в 2026 году предусмотрено на оплату неисполненных обязательств отчетного финансового года (всего 185,40 тыс.руб., вт.ч. МБ - 185,40 тыс.руб.)
B108: <***> в 2026 году предусмотрено на оплату неисполненных обязательств отчетного финансового года (всего 14,30 тыс.руб., вт.ч. МБ - 14,30 тыс.руб.)
B110: <****> в 2026 году предусмотрено на оплату неисполненных обязательств отчетного финансового года (всего 26,84 тыс.руб., вт.ч. МБ - 26,84 тыс.руб.)

Sheet 5 подпрограмма 
D1: Приложение № 6 к постановлению администрации Кандалакшского муниципального округа Мурманской области от 30.04.2026 № 819
A3: 3.5. План реализации и сведения об объёмах финансирования подпрограммы 5 на 2026 - 2028 годы
A5: № п/п | B5: Муниципальная программа, подпрограмма, основное мероприятие, проект, мероприятие | C5: Годы выполнения | D5: Объемы и источники финансирования | J5: Связь основных мероприятий с показателями подпрограмм, ожидаемые результаты реализации (краткая характеристика) мероприятий | K5: Соисполнители, участники
D6: (тыс. рублей)
D7: По годам | E7: Всего | F7: МБ | G7: ОБ | H7: ФБ | I7: ВБ
B8: Муниципальная программа | D8: Всего | J8: -
B9: "________________________" | D9: 20__
D10: 20__
D11: 20__
D12: 20__
A13: 5 | B13: Подпрограмма 5 | C13: 2026-2028 | D13: Всего | E13: =E14+E15+E16 -> 721375.34 | F13: =F14+F15+F16 -> 32888.84 | G13: =G14+G15+G16 -> 0 | H13: =H14+H15+H16 -> 688486.5 | I13: =I14+I15+I16 -> 0 | J13: -
B14: "Создание условий для обеспечения функционирования муниципальной системы образования" | D14: 2026 | E14: =F14+G14+H14+I14 -> 717155.74 | F14: =F19+F48+F193+F119+F134+F144+F169+F149+F164+F183+F188+0.01 -> 28669.24 | G14: =G19+G48+G193 -> 0 | H14: =H19+H48+H193 -> 688486.5 | I14: =I19+I48+I193 -> 0
D15: 2027 | E15: =F15+G15+H15+I15 -> 2109.8 | F15: =F20+F49+F194+F120+F135+F145 -> 2109.8 | G15: =G20+G49+G194 -> 0 | H15: =H20+H49+H194 -> 0 | I15: =I20+I49+I194 -> 0
D16: 2028 | E16: =F16+G16+H16+I16 -> 2109.8 | F16: =F21+F50+F195+F121+F136+F146 -> 2109.8 | G16: =G21+G50+G195 -> 0 | H16: =H21+H50+H195 -> 0 | I16: =I21+I50+I195 -> 0
A18: ОМ 5.1 | B18: Основное мероприятие 1 | C18: 2026-2028 | D18: Всего | E18: =E19+E20+E21+E22 -> 3778.39 | F18: =F19+F20+F21+F22 -> 3778.39 | G18: =G19+G20+G21+G22 -> 0 | H18: =H19+H20+H21+H22 -> 0 | I18: =I19+I20+I21+I22 -> 0 | K18: муниципальные образовательные организации
B19: Капитальные и текущие ремонты зданий организаций образования | D19: 2026 | E19: =F19+G19+H19+I19 -> 3778.39 | F19: =+F23+F33+F38+F43 -> 3778.39 | G19: =G24 -> 0 | H19: =H24 -> 0 | I19: =I24 -> 0 | J19: 5.1. Доля образовательных организаций, инфраструктура которых соответствует современным требованиям
D20: 2027 | E20: =F20+G20+H20+I20 -> 0 | F20: =F25 -> 0 | G20: =G25 -> 0 | H20: =H25 -> 0 | I20: =I25 -> 0
D21: 2028 | E21: =F21+G21+H21+I21 -> 0 | F21: =F26 -> 0 | G21: =G26 -> 0 | H21: =H26 -> 0 | I21: =I26 -> 0
A23: 5.1.1 | B23: Мероприятие | C23: 2026-2028 | D23: Всего | E23: =E24+E25+E26+E27 -> 3778.39 | F23: =F24+F25+F26 -> 3778.39 | G23: =G24+G25+G26+G27 -> 0 | H23: =H24+H25+H26+H27 -> 0 | I23: =I24+I25+I26+I27 -> 0 | K23: муниципальные образовательные организации
B24: Проведение капитальных и текущих ремонтов образовательных организаций <*> | D24: 2026 | E24: =F24+G24+H24+I24 -> 3778.39 | F24: =1187.76+131.44+2459.19 -> 3778.39 | G24: 0 | H24: 0 | I24: 0 | J24: Проведение капитальных и текущих ремонтов образовательных организаций
D25: 2027 | E25: =F25+G25+H25+I25 -> 0
D26: 2028 | E26: =F26+G26+H26+I26 -> 0
B28: из них по предписаниям надзорных органов | D28: Всего | E28: =E29+E30+E31 -> 2459.19 | F28: =F29+F30+F31 -> 2459.19 | G28: =G29+G30+G31 -> 0 | H28: =H29+H30+H31 -> 0 | I28: =I29+I30+I31 -> 0
D29: 2026 | E29: =F29+G29+H29+I29 -> 2459.19 | F29: 2459.19
D30: 2027 | E30: =F30+G30+H30+I30 -> 0
D31: 2028 | E31: =F31+G31+H31+I31 -> 0
A32: 5.1.2 | B32: Мероприятие | C32: 2026-2028 | D32: Всего | E32: =E33+E34+E35+E36 -> 0 | F32: =F33+F34+F35+F36 -> 0 | G32: =G33+G34+G35+G36 -> 0 | H32: =H33+H34+H35+H36 -> 0 | I32: =I33+I34+I35+I36 -> 0 | K32: муниципальные образовательные организации
B33: Разработка ПСД на проведение ремонтных работ, реконструкцию зданий и помещений | D33: 2026 | J33: -
D34: 2027
D35: 2028
A37: 5.1.3 | B37: Мероприятие | C37: 2026-2028 | D37: Всего | E37: =E38+E39+E40+E41 -> 0 | F37: =F38+F39+F40+F41 -> 0 | G37: =G38+G39+G40+G41 -> 0 | H37: =H38+H39+H40+H41 -> 0 | I37: =I38+I39+I40+I41 -> 0 | K37: муниципальные образовательные организации
B38: Разработка дизайн-проекта для проведения ремонтных работ | D38: 2026 | J38: -
D39: 2027
D40: 2028
A42: 5.1.4 | B42: Мероприятие | C42: 2026-2028 | D42: Всего | E42: =E43+E44+E45+E46 -> 0 | F42: =F43+F44+F45+F46 -> 0 | G42: =G43+G44+G45+G46 -> 0 | H42: =H43+H44+H45+H46 -> 0 | I42: =I43+I44+I45+I46 -> 0 | K42: муниципальные образовательные организации
B43: Выполнение комплекса осмотров и обмерных работ с формированием дефектной ведомости | D43: 2026 | J43: -
D44: 2027
D45: 2028
A47: ОМ 5.2 | B47: Основное мероприятие 2 | C47: 2026-2028 | D47: Всего | E47: =E48+E49+E50+E51 -> 19511.54 | F47: =F48+F49+F50 -> 19511.54 | G47: =G48+G49+G50+G51 -> 0 | H47: =H48+H49+H50+H51 -> 0 | I47: =I48+I49+I50+I51 -> 0 | K47: муниципальные образовательные организации
B48: Обеспечение комплексной безопасности организаций образования | D48: 2026 | E48: =F48+G48+H48+I48 -> 16615.3 | F48: =F76+F84+F109+F114+F53-0.01 -> 16615.3 | G48: =G53+G76+G84+G119 -> 0 | H48: =H53+H76+H84+H119 -> 0 | I48: =I53+I76+I84+I119 -> 0 | J48: 5.2. Доля образовательных организаций, соответствующих требованиям комплексной безопасности
D49: 2027 | E49: =F49+G49+H49+I49 -> 1448.12 | F49: =F54+F77+F85 -> 1448.12 | G49: =G54+G77+G85+G120 -> 0 | H49: =H54+H77+H85+H120 -> 0 | I49: =I54+I77+I85+I120 -> 0
D50: 2028 | E50: =F50+G50+H50+I50 -> 1448.12 | F50: =F55+F78+F86 -> 1448.12 | G50: =G55+G78+G86+G121 -> 0 | H50: =H55+H78+H86+H121 -> 0 | I50: =I55+I78+I86+I121 -> 0
A52: 5.2.1 | B52: Мероприятие | C52: 2026-2028 | D52: Всего | E52: =E53+E54+E55 -> 1824.9 | F52: =F53+F54+F55 -> 1824.9 | G52: =G53+G54+G55 -> 0 | H52: =H53+H54+H55 -> 0 | I52: =I53+I54+I55 -> 0 | K52: муниципальные образовательные организации
B53: Обеспечение пожарной и электрической безопасности организаций образования | D53: 2026 | E53: =F53+G53+H53+I53 -> 1824.9 | F53: =F61+F66+F71 -> 1824.9 | J53: Выполнение мероприятий пожарной и электрической безопасности.
D54: 2027 | E54: =F54+G54+H54+I54 -> 0 | F54: =F62+F67+F72 -> 0
D55: 2028 | E55: =F55+G55+H55+I55 -> 0 | F55: =F63+F68+F73 -> 0
B56: из них по предписаниям надзорных органов | D56: Всего | E56: =E57+E58+E59 -> 0 | F56: =F57+F58+F59 -> 0 | G56: =G57+G58+G59 -> 0 | H56: =H57+H58+H59 -> 0 | I56: =I57+I58+I59 -> 0
D57: 2026 | E57: =F57+G57+H57+I57 -> 0
D58: 2027 | E58: =F58+G58+H58+I58 -> 0
D59: 2028 | E59: =F59+G59+H59+I59 -> 0
A60: 5.2.1.1 | B60: Мероприятие | C60: 2026-2028 | D60: Всего | E60: =E61+E62+E63+E64 -> 794.71 | F60: =F61+F62+F63+F64 -> 794.71 | G60: =G61+G62+G63+G64 -> 0 | H60: =H61+H62+H63+H64 -> 0 | I60: =I61+I62+I63+I64 -> 0 | K60: муниципальные образовательные организации
B61: Разработка ПСД, монтаж (установка, дооборудование) системы автоматической пожарной сигнализации в образовательных организациях и организациях образования | D61: 2026 | E61: =F61+G61+H61+I61 -> 794.71 | F61: 794.71 | J61: Разработка ПСД, монтаж (установка, дооборудование) системы автоматической пожарной сигнализации в образовательных организациях и организациях образования
D62: 2027 | E62: =F62+G62+H62+I62 -> 0
D63: 2028 | E63: =F63+G63+H63+I63 -> 0
A65: 5.2.1.2 | B65: Мероприятие | C65: 2026-2028 | D65: Всего | E65: =E66+E67+E68+E69 -> 621.87 | F65: =F66+F67+F68+F69 -> 621.87 | G65: =G66+G67+G68+G69 -> 0 | H65: =H66+H67+H68+H69 -> 0 | I65: =I66+I67+I68+I69 -> 0 | K65: муниципальные образовательные организации
B66: Монтаж (установка, дооборудование) системы речевого оповещения и управления эвакуацией в образовательных организациях и организациях образования | D66: 2026 | E66: =F66+G66+H66+I66 -> 621.87 | F66: 621.87 | J66: Монтаж (установка, дооборудование) системы речевого оповещения и управления эвакуацией в образовательных организациях и организациях образования
D67: 2027 | E67: =F67+G67+H67+I67 -> 0
D68: 2028 | E68: =F68+G68+H68+I68 -> 0
A70: 5.2.1.3 | B70: Мероприятие | C70: 2026-2028 | D70: Всего | E70: =E71+E72+E73+E74 -> 408.32 | F70: =F71+F72+F73+F74 -> 408.32 | G70: =G71+G72+G73+G74 -> 0 | H70: =H71+H72+H73+H74 -> 0 | I70: =I71+I72+I73+I74 -> 0 | K70: муниципальные образовательные организации
B71: Монтаж (установка) технических средств пожаротушения в образовательных организациях и организациях образования | D71: 2026 | E71: =F71+G71+H71+I71 -> 408.32 | F71: 408.32 | J71: Монтаж (установка) технических средств пожаротушения в образовательных организациях и организациях образования
D72: 2027 | E72: =F72+G72+H72+I72 -> 0
D73: 2028 | E73: =F73+G73+H73+I73 -> 0
A75: 5.2.2 | B75: Мероприятие | C75: 2026-2028 | D75: Всего | E75: =E76+E77+E78 -> 0 | F75: =F76+F77+F78+F79 -> 0 | G75: =G76+G77+G78 -> 0 | H75: =H76+H77+H78 -> 0 | I75: =I76+I77+I78 -> 0 | K75: муниципальные образовательные организации
B76: Обеспечение технической безопасности организаций образования | D76: 2026 | E76: =F76+G76+H76+I76 -> 0 | J76: Выполнение мероприятий по технической безопасности организаций образования
D77: 2027 | E77: =F77+G77+H77+I77 -> 0
D78: 2028 | E78: =F78+G78+H78+I78 -> 0
B79: из них по предписаниям надзорных органов | D79: Всего | E79: =E80+E81+E82 -> 0 | F79: =F80+F81+F82 -> 0 | G79: =G80+G81+G82 -> 0 | H79: =H80+H81+H82 -> 0 | I79: =I80+I81+I82 -> 0
D80: 2026 | E80: =F80+G80+H80+I80 -> 0
D81: 2027 | E81: =F81+G81+H81+I81 -> 0
D82: 2028 | E82: =F82+G82+H82+I82 -> 0
A83: 5.2.3 | B83: Мероприятие | C83: 2026-2028 | D83: Всего | E83: =E84+E85+E86+E87 -> 17686.65 | F83: =F84+F85+F86+F87 -> 17686.65 | G83: =G84+G85+G86+G87 -> 0 | H83: =H84+H85+H86+H87 -> 0 | I83: =I84+I85+I86+I87 -> 0 | K83: муниципальные образовательные организации
B84: Обеспечение антитеррористической и противокриминальной безопасности организаций образования | D84: 2026 | E84: =F84+G84+H84+I84 -> 14790.41 | F84: =F89+F94+F99+F104 -> 14790.41 | J84: Выполнение мероприятий по антитеррористической и противокриминальной безопасности организаций образования
D85: 2027 | E85: =F85+G85+H85+I85 -> 1448.12 | F85: =F90 -> 1448.12
D86: 2028 | E86: =F86+G86+H86+I86 -> 1448.12 | F86: =F91 -> 1448.12
A88: 5.2.3.1 | C88: 2026-2028 | D88: Всего | E88: =E89+E90+E91 -> 17218.2 | F88: =F89+F90+F91 -> 17218.2
B89: Обеспечение пропускного режима в образовательных организациях | D89: 2026 | E89: =F89+G89+H89+I89 -> 14321.96 | F89: 14321.96 | J89: Выполнение мероприятий по обеспечению пропускного режима в образовательных организациях
D90: 2027 | E90: =F90+G90+H90+I90 -> 1448.12 | F90: 1448.12
D91: 2028 | E91: =F91+G91+H91+I91 -> 1448.12 | F91: 1448.12
A93: 5.2.3.2 | C93: 2026-2028 | D93: Всего | E93: =E94+E95+E96 -> 0 | F93: =F94+F95+F96 -> 0 | G93: =G94+G95+G96 -> 0 | H93: =H94+H95+H96 -> 0 | I93: =I94+I95+I96 -> 0
B94: Замена (установка)периметральных ограждений | D94: 2026 | E94: =F94+G94+H94+I94 -> 0 | F94: 0 | G94: 0 | H94: 0 | I94: 0 | J94: Выполнение мероприятий по замене (установке)периметральных ограждений
D95: 2027 | E95: =F95+G95+H95+I95 -> 0
D96: 2028 | E96: =F96+G96+H96+I96 -> 0
A98: 5.2.3.3 | B98: Мероприятие | C98: 2026-2028 | D98: Всего | E98: =E99+E100+E101+E102 -> 157.15 | F98: =F99+F100+F101+F102 -> 157.15 | G98: =G99+G100+G101+G102 -> 0 | H98: =H99+H100+H101+H102 -> 0 | I98: =I99+I100+I101+I102 -> 0 | K98: муниципальные образовательные организации
B99: Разработка рабочей документации на монтаж (установку) системы охранной сигнализации в образовательных организациях и организациях образования | D99: 2026 | E99: =F99+G99+H99+I99 -> 157.15 | F99: 157.15 | J99: Разработка рабочей документации на монтаж (установку) системы охранной сигнализации в образовательных организациях и организациях образования
D100: 2027 | E100: =F100+G100+H100+I100 -> 0
D101: 2028 | E101: =F101+G101+H101+I101 -> 0
A103: 5.2.3.4 | B103: Мероприятие | C103: 2026-2028 | D103: Всего | E103: =E104+E105+E106+E107 -> 311.3 | F103: =F104+F105+F106+F107 -> 311.3 | G103: =G104+G105+G106+G107 -> 0 | H103: =H104+H105+H106+H107 -> 0 | I103: =I104+I105+I106+I107 -> 0 | K103: муниципальные образовательные организации
B104: Монтаж (установка, дооборудование) наружного освещения в образовательных организациях и организациях образования | D104: 2026 | E104: =F104+G104+H104+I104 -> 311.3 | F104: 311.3 | J104: Монтаж (установка, дооборудование) наружного освещения в образовательных организациях и организациях образования
D105: 2027 | E105: =F105+G105+H105+I105 -> 0
D106: 2028 | E106: =F106+G106+H106+I106 -> 0
A108: 5.2.4 | B108: Мероприятие | C108: 2026-2028 | D108: Всего | E108: =E109+E110+E111+E112 -> 0 | F108: =F109+F110+F111+F112 -> 0 | G108: =G109+G110+G111+G112 -> 0 | H108: =H109+H110+H111+H112 -> 0 | I108: =I109+I110+I111+I112 -> 0 | K108: муниципальные образовательные организации
B109: Мероприятия по замене окон | D109: 2026 | E109: =F109+G109+H109+I109 -> 0 | J109: Выполнение мероприятий по замене окон в муниципальных образовательных организациях
D110: 2027 | E110: =F110+G110+H110+I110 -> 0
D111: 2028 | E111: =F111+G111+H111+I111 -> 0
A113: 5.2.5 | B113: Мероприятие | C113: 2026-2028 | D113: Всего | E113: =E114+E115+E116+E117 -> 0 | F113: =F114+F115+F116+F117 -> 0 | G113: =G114+G115+G116+G117 -> 0 | H113: =H114+H115+H116+H117 -> 0 | I113: =I114+I115+I116+I117 -> 0 | K113: муниципальные образовательные организации
B114: Устранение аварийных ситуаций, технических неисправностей | D114: 2026 | E114: =F114+G114+H114+I114 -> 0 | J114: Выполнение мероприятий по устранению аварийных ситуаций, технических неисправностей
D115: 2027 | E115: =F115+G115+H115+I115 -> 0
D116: 2028 | E116: =F116+G116+H116+I116 -> 0
A118: ОМ 5.3 | B118: Основное мероприятие 3 | C118: 2026-2028 | D118: Всего | E118: =F118+G118+H118+I118 -> 1541.06 | F118: =F119+F120+F121 -> 1541.06 | G118: =G119+G120+G121 -> 0 | H118: =H119+H120+H121 -> 0 | I118: =I119+I120+I121 -> 0 | K118: муниципальные образовательные организации
B119: Создание условий для обеспечения функционирования спортивных объектов (стадион, футбольное поле и т.п.) образовательных организаций | D119: 2026 | E119: =F119+G119+H119+I119 -> 1541.06 | F119: =F124+F129 -> 1541.06 | J119: Создание условий для обеспечения функционирования спортивных объектов (стадион, футбольное поле и т.п.) образовательных организаций
...

Sheet 6 подпрограмма 
C1: Приложение № к постановлению администрации Кандалакшского муниципального округа Мурманской области от _______________2026 №_______
A3: 3.6. План реализации и сведения об объёмах финансирования Программы 6 на 2026 - 2028 годы
A5: № п/п | B5: Муниципальная программа, подпрограмма, основное мероприятие, проект, мероприятие | C5: Годы выполнения | D5: Объемы и источники финансирования | J5: Связь основных мероприятий с показателями подпрограмм, ожидаемые результаты реализации (краткая характеристика) мероприятий | K5: Соисполнители, участники
D6: (тыс. рублей)
D7: По годам | E7: Всего | F7: МБ | G7: ОБ | H7: ФБ | I7: ВБ
B8: Муниципальная программа | D8: Всего | J8: -
B9: "________________________" | D9: 20__
D10: 20__
D11: 20__
D12: 20__
A13: 6 | B13: Подпрограмма 6 | C13: 2026-2028 | D13: Всего | E13: =E14+E15+E16 -> 318217.3 | F13: =F14+F15+F16 -> 270 | G13: =G14+G15+G16 -> 317947.3 | H13: =H14+H15+H16 -> 0 | I13: =I14+I15+I16 -> 0 | J13: -
B14: "Оказание поддержки семьям, детям-сиротам и детям, оставшимся без попечения родителей, лицам из их числа" | D14: 2026 | E14: =E19+E24+E29 -> 102636.7 | F14: =F19+F24+F29 -> 90 | G14: =G19+G24+G29 -> 102546.7 | H14: =H19+H24+H29 -> 0 | I14: =I19+I24+I29 -> 0
D15: 2027 | E15: =E20+E25+E30 -> 106704 | F15: =F20+F25+F30 -> 90 | G15: =G20+G25+G30 -> 106614 | H15: =H20+H25+H30 -> 0 | I15: =I20+I25+I30 -> 0
D16: 2028 | E16: =E21+E26+E31 -> 108876.6 | F16: =F21+F26+F31 -> 90 | G16: =G21+G26+G31 -> 108786.6 | H16: =H21+H26+H31 -> 0 | I16: =I21+I26+I31 -> 0
A18: 6.1 | B18: Основное мероприятие 1 | C18: 2026-2028 | D18: Всего | E18: =E19+E20+E21 -> 307944.8 | F18: =F19+F20+F21 -> 0 | G18: =G19+G20+G21 -> 307944.8 | H18: =H19+H20+H21 -> 0 | I18: =I19+I20+I21 -> 0 | K18: УО
B19: Предоставление полного государственного обеспечения детям-сиротам и детям, оставшимся без попечения родителей, воспитывающимся в семьях опекунов, попечителей, приемных семьях, предоставление выплаты вознаграждения приемному родителю | D19: 2026 | E19: =F19+G19+H19+I19 -> 99222.6 | G19: 99222.6 | J19: 6.1 Доля детей-сирот, детей, оставшихся без попечения родителей, охваченных мерами социальной поддержки, в соответствии с нормативно-правовыми актами федерального, регионального и муниципального уровней
D20: 2027 | E20: =F20+G20+H20+I20 -> 103274.8 | G20: 103274.8
D21: 2028 | E21: =F21+G21+H21+I21 -> 105447.4 | G21: 105447.4
A23: 6.2 | B23: Основное мероприятие 2 | C23: 2026-2028 | D23: Всего | E23: =E24+E25+E26 -> 10002.5 | F23: =F24+F25+F26 -> 0 | G23: =G24+G25+G26 -> 10002.5 | H23: =H24+H25+H26 -> 0 | I23: =I24+I25+I26 -> 0 | K23: УО
B24: Выплата вознаграждения лицам, осуществляющим постинтернатный патронат в отношении несовершеннолетних и социальный патронат | D24: 2026 | E24: =F24+G24+H24+I24 -> 3324.1 | G24: 3324.1 | J24: Выплата вознаграждения лицам, осуществляющим постинтернатный патронат в отношении несовершеннолетних и социальный патронат
D25: 2027 | E25: =F25+G25+H25+I25 -> 3339.2 | G25: 3339.2
D26: 2028 | E26: =F26+G26+H26+I26 -> 3339.2 | G26: 3339.2
A28: 6.3 | B28: Основное мероприятие 3 | C28: 2026-2028 | D28: Всего | E28: =E29+E30+E31 -> 270 | F28: =F29+F30+F31 -> 270 | G28: =G29+G30+G31 -> 0 | H28: =H29+H30+H31 -> 0 | I28: =I29+I30+I31 -> 0 | K28: УО
B29: Мероприятия по поддержке семей с детьми и детей-сирот, детей, оставшихся без попечения родителей, и лиц из их числа | D29: 2026 | E29: =F29+G29+H29+I29 -> 90 | F29: 90
D30: 2027 | E30: =F30+G30+H30+I30 -> 90 | F30: 90 | J30: Мероприятия по поддержке семей с детьми и детей-сирот, детей, оставшихся без попечения родителей, и лиц из их числа
D31: 2028 | E31: =F31+G31+H31+I31 -> 90 | F31: 90

Sheet объекты кап.строительства
C1: Приложение № 7 к постановлению администрации Кандалакшского муниципального округа Мурманской области от _______________2026 №_______
A3: 4. Перечень объектов капитального строительства
A5: № п/п | B5: Наименование объекта капитального строительства | C5: Соисполнитель, заказчик | D5: Проектная мощность | E5: Сроки и этапы выполнения работ | F5: Общая стоимость объекта, тыс. рублей | G5: Объемы и источники финансирования,
G6: тыс. рублей 1
G7: Год/источник | H7: Всего | I7: МБ | J7: ОБ | K7: ФБ | L7: ВБ
B8: Муниципальная программа "Развитие образования Кандалакшского района" | G8: Всего
G9: 20__
G10: 20__
G11: 20__
G12: 20__
B13: Подпрограмма 5 "Создание условий для обеспечения функционирования муниципальной системы образования"
A14: 1 | B14: Разработка проектной документации и строительство здания школы на 300 мест с дошкольными группами на 80 мест | C14: КИОиТП, МАОУ СОШ № 3 | D14: 380 | E14: 46387 | F14: 840701.9 | G14: Всего | H14: =I14+J14+K14+L14 -> 688555.33 | I14: =I15+I16+I17+I18 -> 68.83 | J14: =J15+J16+J17+J18 -> 0 | K14: =K15+K16+K17+K18 -> 688486.5 | L14: =L15+L16+L17+L18 -> 0
G15: 2026 | H15: =I15+J15+K15+L15 -> 688555.33 | I15: =50.57+18.26 -> 68.83 | K15: =505666.76+182819.74 -> 688486.5
G16: 2027 | H16: =I16+J16+K16+L16 -> 0
G17: 2028 | H17: =I17+J17+K17+L17 -> 0
G18: 2029 | H18: =I18+J18+K18+L18 -> 0
A19: [1]Объемы финансирования объектов капитального строительства ежегодно уточняются в соответствии с объемами кассовых расходов главных распорядителей средств областного бюджета, кассовых расходов за счет средств местных бюджетов и внебюджетных источников, сложившимися при выполнении работ на объектах капитального строительства в прошедшем финансовом году.
